Cogmind - Beta 12 X1 @@@ ROGUE MODE // 2022.08.07 @ 04:02:53 Player: Runia Result: Escaped! Performance ------------- Evolutions (9) 4500 Regions Visited (35) 7000 Robots Destroyed (243) 1215 Value Destroyed (8556) 8556 Prototype IDs (58) 1160 Alien Tech Used (9) 1800 Bonus (13941) 13941 TOTAL SCORE: 38172 Bonus ------- High Alert Combat Kills 718 Follower Combat Kills 1954 Entered Garrisons 200 Network Hubs Disabled 400 Met Zhirov 300 Met Warlord at Base 500 MAIN.C Attacked Warlord 500 Warlord Defense Kills 120 Built Enhanced Grunts 300 A7 Reached Mainframe 300 Found Hidden Lab 3000 Met Warlord at Research 2000 Scanned by Researcher 500 Pursued by Intercept 500 Win 3000 Friendly Fire -351 Cogmind --------- Core Integrity 1380/1600 Matter 33/425 Energy 595/600 System Corruption 5% Temperature Cool (35) Movement Hovering (134) Ox1 Location To Epsilon Eridani Parts ------- > --- POWER (3) -------- Quantum Reactor Quantum Reactor > --- PROPULSION (8) --- Gyrokinetic Inverter Combat Linear Gravjet Combat Linear Gravjet Combat Linear Gravjet Combat Linear Gravjet > --- UTILITY (12) ----- Advanced Coolant Injector Large Storage Unit Advanced Signal Interpreter Quantum Capacitor Advanced Transmission Jammer Advanced Reaction Control System SHELL Armor > --- WEAPON (3) ------- Enhanced Nova Cannon CR-A16's Behemoth Slayer > --- INVENTORY (15) --- Advanced Energy Well (500) Centrium Medium Armor Plating Advanced Focal Shield Experimental Shield Generator AEGIS Remote Shield Dimensional Node Initializer Compact HERF Cannon Tiamat Missile Launcher Tiamat Missile Launcher Micro-nuke Launcher Kinetic Spear Peak State ------------ > --- POWER ------------ Light Antimatter Reactor Quantum Reactor Quantum Reactor > --- PROPULSION ------- Gyrokinetic Inverter Combat Linear Gravjet Combat Linear Gravjet Combat Linear Gravjet Combat Linear Gravjet Combat Linear Gravjet Combat Linear Gravjet Combat Linear Gravjet > --- UTILITY ---------- Advanced Cooling System Advanced Coolant Injector Large Storage Unit Advanced Signal Interpreter Advanced Transmission Jammer SHELL Armor Advanced Focal Shield Microwarp Drive > --- WEAPON ----------- Enhanced Nova Cannon Kinetic Spear CR-A16's Behemoth Slayer > --- INVENTORY -------- Advanced Energy Well Quantum Capacitor Centrium Medium Armor Plating Experimental Shield Generator AEGIS Remote Shield Dimensional Node Initializer Transdimensional Reconstructor Terrabomb Compact HERF Cannon Enhanced Nova Cannon Tiamat Missile Launcher Tiamat Missile Launcher Micro-nuke Launcher [Rating: 223] Favorites ----------- Power Deuterium Engine Engine Deuterium Engine Power Core Light Nuclear Core Reactor Quantum Reactor Propulsion Combat Airjet Treads Light Treads Leg Aluminum Leg Hover Unit Combat Airjet Utility Large Storage Unit Device Advanced Sensor Array Storage Large Storage Unit Processor Advanced Signal Interpreter Hackware Improved Hacking Suite Protection Centrium Medium Armor Plating Artifact Microwarp Drive Weapon CR-A16's Behemoth Slayer Energy Gun Heavy Quantum Rifle Energy Cannon Heavy Plasma Cannon Ballistic Gun Heavy Assault Rifle Launcher Precision Grenade Launcher Special Weapon Plasma Cutter Impact Weapon Power Maul Piercing Weapon CR-A16's Behemoth Slayer Build | -11 -10 -9 -9 -8 -8 -8 -7 -7 -7 -7 -6 -6 -6 -6 -6 -6 -5 -5 -5 -5 -4 -4 -4 -4 -4 -4 -4 -3 -3 -3 -3 -2 -2 -2 -1 ------- Run | Scr Mat Mat Min Mat Gar Mat Fac Low Low Zio Pro Fac Ext Cet Arc Hub Fac Upp Upp War Pro Fac Was Fac Upp Upp Zhi Pro Res Arm Lab Res Tes Sec Acc Slots Evolved 18 | . . 2 . 2 . . 2 . . . . 2 . . . . 2 . . . . 2 . . . . . . 2 . . 2 . . 2 Power 2 | . . . . . . . . . . . . . . . . . . . . . . 1 . . . . . . . . . 1 . . . Propulsion 6 | . . 1 . 1 . . . . . . . 1 . . . . . . . . . . . . . . . . 1 . . 1 . . 1 Utility 10 | . . 1 . 1 . . 2 . . . . 1 . . . . 2 . . . . 1 . . . . . . 1 . . . . . 1 Weapon . | . . . . . . . . . . . . . . . . . . . . . . . . . . . . . . . . . . . . Parts Attached 370 | 2 16 33 1 4 17 29 6 2 2 2 17 29 3 3 7 13 23 6 3 12 5 3 . 12 11 . 9 4 12 7 . 20 15 30 12 Power 22 | . 1 2 . 1 . 2 . . . . 1 1 . . . . 1 1 . 1 2 . . 2 . . 1 . . 2 . 1 . 2 1 Engine 9 | . 1 1 . 1 . 2 . . . . 1 1 . . . . 1 1 . . . . . . . . . . . . . . . . . Core 1 | . . 1 . . . . . . . . . . . . . . . . . . . . . . . . . . . . . . . . . Reactor 12 | . . . . . . . . . . . . . . . . . . . . 1 2 . . 2 . . 1 . . 2 . 1 . 2 1 Propulsion 68 | 2 2 11 1 1 4 11 2 . . . . 4 . . 3 . 9 . . 1 . . . 4 2 . 1 . 4 1 . 2 1 1 1 Treads 28 | 2 2 11 1 1 4 7 . . . . . . . . . . . . . . . . . . . . . . . . . . . . . Leg . | . . . . . . . . . . . . . . . . . . . . . . . . . . . . . . . . . . . . Wheel . | . . . . . . . . . . . . . . . . . . . . . . . . . . . . . . . . . . . . Hover 40 | . . . . . . 4 2 . . . . 4 . . 3 . 9 . . 1 . . . 4 2 . 1 . 4 1 . 2 1 1 1 Flight . | . . . . . . . . . . . . . . . . . . . . . . . . . . . . . . . . . . . . Utility 169 | . 5 5 . 2 4 9 2 . 1 . 7 17 3 2 4 6 7 2 2 8 1 3 . 4 6 . 5 2 8 2 . 16 12 20 4 Device 82 | . 2 1 . 1 . 3 . . . . 2 7 2 . 2 5 2 . 2 6 1 1 . 1 5 . . 2 5 1 . 12 7 8 4 Storage 9 | . 3 1 . . . 1 . . . . . . . . . . . 1 . . . . . . . . 1 . 1 . . . . 1 . Processor 9 | . . . . . . 1 . . . . . 2 . . . . . 1 . 1 . . . 1 . . . . 1 . . 2 . . . Hackware 15 | . . . . . . . 1 . . . . 4 . . 2 . 2 . . . . 2 . 2 . . 1 . 1 . . . . . . Protection 49 | . . 3 . 1 4 4 1 . 1 . 5 4 1 2 . 1 3 . . 1 . . . . 1 . 3 . . 1 . 2 5 6 . Artifact 5 | . . . . . . . . . . . . . . . . . . . . . . . . . . . . . . . . . . 5 . Weapon 111 | . 8 15 . . 9 7 2 2 1 2 9 7 . 1 . 7 6 3 1 2 2 . . 2 3 . 2 2 . 2 . 1 2 7 6 Energy Gun 1 | . . . . . . . . . . . . . . . . . . . . . . . . . . . . . . . . . 1 . . Energy Cannon 38 | . . 1 . . 2 2 . . 1 1 3 5 . . . 3 2 . . 1 1 . . 1 . . 1 1 . 1 . 1 1 7 3 Ballistic Gun 25 | . 5 10 . . 3 3 . . . . . . . 1 . 2 . 1 . . . . . . . . . . . . . . . . . Ballistic Cannon . | . . . . . . . . . . . . . . . . . . . . . . . . . . . . . . . . . . . . Launcher 23 | . . 4 . . 2 2 . 1 . 1 4 1 . . . 1 2 1 . . . . . 1 . . . 1 . . . . . . 2 Special Weapon 3 | . . . . . 2 . . . . . . . . . . . . . . 1 . . . . . . . . . . . . . . . Impact Weapon 9 | . 3 . . . . . 2 1 . . . 1 . . . . 1 . 1 . . . . . . . . . . . . . . . . Slashing Weapon . | . . . . . . . . . . . . . . . . . . . . . . . . . . . . . . . . . . . . Piercing Weapon 12 | . . . . . . . . . . . 2 . . . . 1 1 1 . . 1 . . . 3 . 1 . . 1 . . . . 1 Special Melee Weapon . | . . . . . . . . . . . . . . . . . . . . . . . . . . . . . . . . . . . . Unidentified Prototypes 34 | . . 1 . . . . 1 . . 1 . 1 . 2 . . 1 . . 4 1 1 . . . . 3 . . 1 . 4 4 8 1 Parts Lost 22 | . . 1 . 1 2 1 . . . . 3 1 . . . . 3 . . . . . . 1 . . . . . . . . . 1 8 Power 3 | . . . . 1 . . . . . . 1 . . . . . . . . . . . . . . . . . . . . . . . 1 Propulsion 6 | . . 1 . . 1 1 . . . . . . . . . . . . . . . . . . . . . . . . . . . . 3 Utility 11 | . . . . . 1 . . . . . 2 1 . . . . 2 . . . . . . 1 . . . . . . . . . 1 3 Weapon 2 | . . . . . . . . . . . . . . . . . 1 . . . . . . . . . . . . . . . . . 1 Highest Loss Streak 7 | . . 1 . 1 2 1 . . . . 2 1 . . . . 2 . . . . . . 1 . . . . . . . . . 1 7 To Critical Strikes 1 | . . 1 . . . . . . . . . . . . . . . . . . . . . . . . . . . . . . . . . Average Slot Usage (%) 96 | . 96 98 100 96 99 99 100 100 100 100 99 95 93 93 93 93 87 99 100 98 100 94 94 94 100 100 100 100 95 95 95 95 92 83 73 Engine 6 | . 14 9 11 8 9 9 7 7 7 7 6 6 6 6 6 6 5 5 5 2 . . . . . . . . . . . . . . . Reactor 1 | . . . . . . . . . . . . . . . . . . . . 2 5 5 5 6 10 10 10 10 9 4 4 8 8 7 7 Treads 12 | . 27 32 33 34 35 35 . . . . . . . . . . . . . . . . . . . . . . . . . . . . . Hover 17 | . . . . . . . 30 30 30 30 30 28 26 26 26 26 20 29 29 29 29 26 26 26 26 26 26 26 24 27 28 30 30 29 26 Device 10 | . 10 11 11 9 9 9 7 7 7 7 5 4 5 . 3 5 12 5 5 8 16 15 15 13 21 21 17 15 18 19 19 19 25 19 14 Storage 7 | . 14 11 11 9 9 9 7 7 7 7 7 6 6 6 6 6 5 7 5 5 5 5 5 5 5 5 5 5 4 4 4 4 4 4 3 Processor 4 | . . . . . . . 7 7 7 7 7 6 6 6 6 6 5 8 11 11 5 5 5 5 5 5 5 5 7 9 9 8 6 4 3 Hackware 7 | . . . . . . . 7 7 7 7 7 20 13 13 13 13 17 17 17 12 11 15 15 15 15 15 15 15 10 9 9 7 1 . . Protection 10 | . . 10 11 16 18 17 15 15 15 15 15 6 13 19 16 13 7 11 11 11 11 10 10 9 5 5 8 10 9 9 9 5 5 6 3 Energy Cannon 4 | . . 4 11 9 9 7 . . 6 6 6 5 6 1 . 3 2 . . 2 3 5 5 4 5 5 1 4 4 4 4 4 3 4 2 Ballistic Gun 6 | . 25 16 11 9 7 10 9 7 . . . . . 4 6 2 . 1 . . . . . . . . . . . . . . . . . Impact Weapon 1 | . 2 . . . . . 5 7 7 7 4 . . . . . . 5 4 5 5 5 5 5 . . . . . . . . . . . Piercing Weapon 1 | . . . . . . . . . . . 2 6 6 6 6 5 3 3 5 1 1 . . . 4 5 8 5 4 4 4 4 4 4 3 Naked Turns . | . . . . . . . . . . . . . . . . . . . . . . . . . . . . . . . . . . . . Heaviest Build 137 | 13 50 104 104 109 111 111 41 41 48 48 48 51 49 56 56 56 54 51 47 65 56 51 51 68 74 74 74 74 76 86 84 118 120 137 132 Greatest Support 140 | 40 40 60 63 83 83 82 48 48 48 48 48 60 56 56 56 53 54 55 45 55 55 55 55 73 78 78 84 84 101 102 102 119 119 129 140 Greatest Overweight (x) 2 | . 2 1 1 1 1 1 . . . . . . . . 1 1 1 1 1 1 1 . . . . . . . . 1 . . 1 1 1 Average Overweight (x) . | . . . 1 1 1 . . . . . . . . . . . . . . . . . . . . . . . . . . . . . . Largest Inventory Capacity 25 | 8 20 25 25 25 25 25 15 15 15 15 15 15 15 15 15 15 15 15 15 15 15 15 15 15 15 15 15 15 15 15 15 15 15 15 15 Average Capacity 17 | 8 15 20 25 25 25 24 15 15 15 15 15 15 15 15 15 15 15 15 15 15 15 15 15 15 15 15 15 15 15 15 15 15 15 15 15 Most Carried 25 | 5 15 25 25 25 25 25 15 15 15 15 15 15 15 15 15 15 15 15 15 15 15 15 15 15 15 15 15 15 15 15 15 15 15 15 14 Average Carried 16 | 3 8 19 24 24 24 24 14 14 15 14 14 13 14 15 14 15 13 11 14 14 14 14 14 14 14 15 14 14 14 14 15 14 14 13 12 Final Capacity 25 | 8 20 25 25 25 25 15 15 15 15 15 15 15 15 15 15 15 15 15 15 15 15 15 15 15 15 15 15 15 15 15 15 15 15 15 15 Final Carried 25 | 2 13 25 25 25 25 15 15 15 15 15 13 15 15 15 15 15 11 15 15 15 15 14 15 15 15 15 15 15 14 15 15 15 15 13 11 Class Distribution -------------------- 50% | Scavenger-Mutant 24% | Hacker-Mutant 10% | Mutant 4% | Generator-Mutant 3% | Commander-Mutant 3% | Generator-Ninja Dominant Class ---------------- Mutant | -10/Materials Scavenger-Mutant | -9/Materials Scavenger-Mutant | -9/Mines Scavenger-Mutant | -8/Materials Scavenger-Mutant | -8/Garrison Scavenger-Mutant | -8/Materials Scavenger-Mutant | -7/Factory Scavenger-Mutant | -7/Lower Caves Scavenger-Mutant | -7/Lower Caves Scavenger-Mutant | -7/Zion Scavenger-Mutant | -6/Proximity Caves Hacker-Mutant | -6/Factory Commander-Mutant | -6/Extension Scavenger-Mutant | -6/Cetus Scavenger-Mutant | -6/Archives Scavenger-Mutant | -6/Hub_04(d) Hacker-Mutant | -5/Factory Hacker-Mutant | -5/Upper Caves Hacker-Mutant | -5/Upper Caves Scavenger-Mutant | -5/Warlord Scavenger-Mutant | -4/Proximity Caves Hacker-Mutant | -4/Factory Hacker-Mutant | -4/Waste Hacker-Mutant | -4/Factory Hacker-Mutant | -4/Upper Caves Hacker-Mutant | -4/Upper Caves Hacker-Mutant | -4/Zhirov Hacker-Mutant | -3/Proximity Caves Hacker-Ninja | -3/Research Hacker-Ninja | -3/Armory Hacker-Ninja | -3/Lab Generator-Ninja | -2/Research Generator-Ninja | -2/Testing Generator-Mutant | -2/Section 7 Generator-Mutant | -1/Access Resources | -11 -10 -9 -9 -8 -8 -8 -7 -7 -7 -7 -6 -6 -6 -6 -6 -6 -5 -5 -5 -5 -4 -4 -4 -4 -4 -4 -4 -3 -3 -3 -3 -2 -2 -2 -1 ----------- Run | Scr Mat Mat Min Mat Gar Mat Fac Low Low Zio Pro Fac Ext Cet Arc Hub Fac Upp Upp War Pro Fac Was Fac Upp Upp Zhi Pro Res Arm Lab Res Tes Sec Acc Matter Collected 6443 | 200 589 1209 31 112 199 625 96 . 82 20 162 349 77 30 155 70 406 167 144 174 50 11 . 221 205 10 35 77 113 70 . 211 74 360 109 Remotely . | . . . . . . . . . . . . . . . . . . . . . . . . . . . . . . . . . . . . Salvage Created 10774 | . 643 1502 121 446 707 1061 192 42 . . 255 483 229 . 153 864 613 80 61 76 . 11 . 373 161 . 130 131 89 98 . 471 88 1106 588 Parts 580 | . 34 103 18 16 43 55 6 5 . . 20 34 8 . 13 25 25 2 4 . . . . 17 5 . 2 8 10 4 . 22 9 54 38 Haulers Intercepted 13 | . 2 3 . . . 4 1 . . . . . . . . 2 . . . . . . . . . . . . . . . . . . 1 Recyclers Shooed 3 | . . . . . . 1 . . . . . 1 . . . . . . . . . . . . . . . . . . . . . . 1 Parts Field Recycled . | . . . . . . . . . . . . . . . . . . . . . . . . . . . . . . . . . . . . Retrieved Matter . | . . . . . . . . . . . . . . . . . . . . . . . . . . . . . . . . . . . . Parts Self-Destructed 37 | . . . . . . . . 3 4 . 14 . . . . . . 1 2 . . . . . 3 . 2 8 . . . . . . . Prevented 4 | . . . . . . . . . . . 1 . . . . . . 1 2 . . . . . . . . . . . . . . . . Kills | -11 -10 -9 -9 -8 -8 -8 -7 -7 -7 -7 -6 -6 -6 -6 -6 -6 -5 -5 -5 -5 -4 -4 -4 -4 -4 -4 -4 -3 -3 -3 -3 -2 -2 -2 -1 ------- Run | Scr Mat Mat Min Mat Gar Mat Fac Low Low Zio Pro Fac Ext Cet Arc Hub Fac Upp Upp War Pro Fac Was Fac Upp Upp Zhi Pro Res Arm Lab Res Tes Sec Acc Combat Hostiles Destroyed 160 | . 13 32 3 5 11 16 . 4 . . 12 9 4 . . 3 7 1 1 1 . . . 6 1 . . 5 . 1 . 4 . 10 11 Melee 10 | . . . . . . . . . . . . 3 2 . . . 2 1 1 . . . . 1 . . . . . . . . . . . Guns 39 | . 13 14 1 2 3 6 . . . . . . . . . . . . . . . . . . . . . . . . . . . . . Cannons 31 | . . 7 2 2 4 6 . . . . 1 2 . . . . . . . 1 . . . . . . . 1 . . . 1 . 4 . AOE 60 | . . 11 . . 4 3 . 4 . . 10 3 . . . 2 5 . . . . . . 5 . . . 4 . . . . . . 9 Classes Destroyed 20 | . 6 5 1 1 . . . . . . 1 1 . . . . 1 1 . . . . . . 1 . . . . . . . 1 . 1 Worker 13 | . 1 . 1 . . . 5 . . . . 1 . . . 1 . . . . . . . 2 . . . . 1 . . . . 1 . Builder 14 | . 1 . . . . . 3 . . . . . 1 . . 6 . . . . . . . 1 . . . . 1 . . . 1 . . Tunneler 4 | . . . 3 . . . . . . . . . . . . . . . . . . . . 1 . . . . . . . . . . . Hauler 13 | . 2 3 . . . 4 1 . . . . . . . . 2 . . . . . . . . . . . . . . . . . . 1 Recycler 13 | . . 3 . 2 . 1 . . . . . 1 . . . 3 2 . . . . . . 1 . . . . . . . . . . . Minesweeper 1 | . . . . . . . . . . . . . . . . . . 1 . . . . . . . . . . . . . . . . . Operator 13 | . . 1 . 1 . . . . . . . 3 . . 5 . 1 . . . . 1 . 1 . . . . . . . . . . . Watcher 14 | . 1 1 . . . 3 . . . . . 2 . . . 1 . . . . . . . 1 . . . . 1 . . 1 . 3 . Swarmer 55 | . 3 4 3 . 3 4 . 4 . . 11 6 . . . . . . . . . . . 5 . . . 5 . . . . . 1 6 Cutter 3 | . . . . . . . . . . . . . . . . . . . . . . . . . . . . . . . . . . . 3 Grunt 48 | . 10 18 . 3 5 6 . . . . . 2 2 . . 2 . . . . . . . . . . . . . . . . . . . Brawler 3 | . . 1 . . . 1 . . . . . . . . . . . . . 1 . . . . . . . . . . . . . . . Duelist 3 | . . 1 . . . 2 . . . . . . . . . . . . . . . . . . . . . . . . . . . . . Researcher 1 | . . . . . . . . . . . . . . . . . . . . . . . . . . . . . . . . . 1 . . Sentry 18 | . . 8 . . 3 3 . . . . . . . . . 1 1 . . . . . . 1 . . . . . . . . . 1 . Hunter 9 | . . . . 2 . . . . . . . . . . . . . 1 1 . . . . . . . . . . . . 1 . 4 . Programmer 6 | . . . . . . . . . . . . 1 . . . . 3 . . . . . . . . . . . . . . . . 2 . Behemoth 12 | . . . . . . . . . . . 1 . 2 . . . . . . . . . . . 1 . . . . 1 . 3 . 2 2 Samaritan 1 | . . . . . . . . . . . . . . . . . . . . . . . . . 1 . . . . . . . . . . Assembled 3 | . . . . . . . . . . . . . . . . . 3 . . . . . . . . . . . . . . . . . . Best Kill Streak 8 | . 4 7 3 3 3 3 2 4 . . 3 3 2 . 5 8 3 1 1 1 . 1 . 7 1 . . 4 2 1 . 1 1 3 6 Combat Bots Only 7 | . 4 7 3 2 3 2 . 4 . . 3 3 2 . . 2 3 1 1 1 . . . 5 1 . . 4 . 1 . 1 . 2 6 Max Kills in Single Turn 7 | . 1 4 1 1 2 1 1 3 . . 3 3 1 . 1 7 2 1 1 1 . 1 . 3 1 . . 4 1 1 . 1 1 1 3 Gunslinging . | . . . . . . . . . . . . . . . . . . . . . . . . . . . . . . . . . . . . Exploded 4 | . . 4 . . 2 1 . 3 . . 3 2 . . . 2 2 . . . . . . 3 . . . 4 . . . . . . 3 Melee 1 | . . . . . . . . . . . . 1 1 . . . 1 1 1 . . . . 1 . . . . . . . . . . . Uniques/NPCs Destroyed . | . . . . . . . . . . . . . . . . . . . . . . . . . . . . . . . . . . . . Combat | -11 -10 -9 -9 -8 -8 -8 -7 -7 -7 -7 -6 -6 -6 -6 -6 -6 -5 -5 -5 -5 -4 -4 -4 -4 -4 -4 -4 -3 -3 -3 -3 -2 -2 -2 -1 -------- Run | Scr Mat Mat Min Mat Gar Mat Fac Low Low Zio Pro Fac Ext Cet Arc Hub Fac Upp Upp War Pro Fac Was Fac Upp Upp Zhi Pro Res Arm Lab Res Tes Sec Acc Damage Taken 15008 | . 437 1236 22 337 720 837 . 86 . . 752 547 366 17 . 1030 991 . 39 61 . . . 753 48 . . 20 223 112 . 576 541 3170 2087 Core 2183 | . 72 129 . 16 62 61 . . . . 194 95 102 . . 294 123 . . . . . . 149 . . . . 22 21 . 129 16 578 120 Absorbed by Shields 502 | . . . . . . . . . . . . . 19 16 . . . . . . . . . . . . . . . . . 219 126 122 . Redirected to Shielding 568 | . . . . . . . . 13 . . 81 43 102 6 . 8 34 . . . . . . 163 . . . 18 100 . . . . . . Regen/Repaired (Parts) 2807 | . . 114 . . . 103 . . . . . 84 . . . . . . . . . . . 187 . . . . . . . . 594 858 867 Core Remaining (%) 75 | 100 71 . 67 . . 74 . . . . 72 . . . . 42 . . . . 87 . . . . . . 87 . . 89 . . 50 86 Volleys Fired 716 | . 61 103 7 26 74 78 6 3 . . 24 36 11 6 25 17 23 . . 9 7 . . 31 4 9 . 4 9 15 . 23 29 64 12 Largest 2 | . 2 2 2 2 2 2 2 1 . . 1 1 1 1 1 1 1 . . 1 1 . . 1 1 1 . 1 1 1 . 1 1 1 1 Hottest 120 | . 40 91 91 91 91 83 43 39 . . 90 90 90 90 35 85 85 . . 98 98 . . 98 98 98 . 98 98 120 . 120 105 120 120 Shots Fired 1003 | . 122 193 14 52 96 152 12 3 . . 24 36 11 6 25 17 23 1 . 9 7 . . 32 5 9 . 4 9 15 . 24 28 62 12 Gun 454 | . 122 156 7 26 22 76 12 . . . . . . 3 25 4 . 1 . . . . . . . . . . . . . . . . . Cannon 445 | . . 24 7 26 23 72 . . . . 19 33 11 3 . 9 18 . . 4 7 . . 26 5 9 . 3 9 15 . 24 28 62 8 Launcher 52 | . . 13 . . 4 4 . 3 . . 5 3 . . . 4 5 . . . . . . 6 . . . 1 . . . . . . 4 Special 52 | . . . . . 47 . . . . . . . . . . . . . . 5 . . . . . . . . . . . . . . . Kinetic 454 | . 122 156 7 26 22 76 12 . . . . . . 3 25 4 . 1 . . . . . . . . . . . . . . . . . Thermal 453 | . . 24 7 26 70 72 . . . . 19 33 11 3 . 9 18 . . 9 7 . . 26 5 9 . 3 9 15 . 24 28 20 6 Explosive 52 | . . 13 . . 4 4 . 3 . . 5 3 . . . 4 5 . . . . . . 6 . . . 1 . . . . . . 4 Electromagnetic 44 | . . . . . . . . . . . . . . . . . . . . . . . . . . . . . . . . . . 42 2 Robot Hit Streak 17 | . 15 11 5 11 17 11 5 . . . 2 4 . 1 6 4 5 . . 3 . . . 2 . . . 1 . . . 4 . 10 1 Robot Miss Streak 4 | . 2 2 2 2 2 4 1 1 . . 1 2 . 2 2 1 2 . . 1 . . . 1 . . . 1 . . . 1 . 1 2 Penetration Max . | . . . . . . . . . . . . . . . . . . . . . . . . . . . . . . . . . . . . Secondary Targets . | . . . . . . . . . . . . . . . . . . . . . . . . . . . . . . . . . . . . Capacitor 88 | . . . . . . . . . . . . . . . . . . . . . . . . . . . . . . . . . 26 57 5 Shots Hit Robots 607 | . 80 126 7 36 73 102 14 . . . 12 29 8 1 15 6 14 4 2 5 . 1 . 9 3 . 1 1 5 1 . 10 1 36 5 Core Hits 369 | . 36 66 7 16 40 39 4 5 . . 14 16 3 . 8 16 21 1 1 4 . . . 22 1 . . 7 3 . . 3 2 19 15 Critical Kills 11 | . . . . 2 . 2 . . . . . 3 . . 3 . . . . . . . . 1 . . . . . . . . . . . Critical Parts Destroyed 14 | . 1 . . . . 1 4 . . . . 3 . . 2 . . . . . . 1 . 2 . . . . . . . . . . . Critical Strikes 33 | . 1 . . 2 3 3 4 . . . 1 6 . . 5 1 2 . 1 . . 1 . 3 . . . . . . . . . . . Meltdown 3 | . . . . 1 . 2 . . . . . . . . . . . . . . . . . . . . . . . . . . . . . Destroy 8 | . 1 . . 1 . 1 . . . . . . . . 5 . . . . . . . . . . . . . . . . . . . . Smash 14 | . . . . . . . 4 . . . . 6 . . . . . . . . . 1 . 3 . . . . . . . . . . . Sever 3 | . . . . . 3 . . . . . . . . . . . . . . . . . . . . . . . . . . . . . . Impale 5 | . . . . . . . . . . . 1 . . . . 1 2 . 1 . . . . . . . . . . . . . . . . Melee Attacks 238 | . 6 . . . . . 20 1 . 1 22 36 10 . . 7 29 7 4 14 . 1 . 22 3 1 1 1 9 4 . 12 4 15 8 Impact 93 | . 6 . . . . . 20 1 . 1 9 12 . . . . 6 2 3 10 . 1 . 22 . . . . . . . . . . . Slashing . | . . . . . . . . . . . . . . . . . . . . . . . . . . . . . . . . . . . . Piercing 145 | . . . . . . . . . . . 13 24 10 . . 7 23 5 1 4 . . . . 3 1 1 1 9 4 . 12 4 15 8 Sneak Attacks 30 | . 1 . . . . . 7 . . . . 5 1 . . 1 2 1 . . . . . 4 2 . . . 2 . . . 1 1 2 Combat Hostiles 1 | . . . . . . . . . . . . . . . . . . . . . . . . . . . . . . . . . . 1 . Follow-up Attacks 1 | . . . . . . . . . . . . . . . . . . . 1 . . . . . . . . . . . . . . . . Damage Inflicted 22289 | . 938 2762 147 677 1285 2110 808 344 . . 998 1761 283 33 426 2136 1255 238 71 110 . 45 . 1786 151 . . 229 280 . . 333 142 1511 1430 Guns 4506 | . 860 1538 83 288 298 895 118 . . . . . . . 426 . . . . . . . . . . . . . . . . . . . . Cannons 4618 | . . 395 64 389 244 1039 . . . . 27 337 . 33 . . 76 . . 65 . . . 79 . . . 34 . . . 291 34 1511 . Explosions 7953 | . . 825 . . 293 176 . 344 . . 699 367 . . . 1999 756 . . . . . . 1079 . . . 195 . . . . . . 1220 Melee 4636 | . 74 . . . . . 690 . . . 272 1057 279 . . 110 423 238 71 . . 45 . 628 151 . . . 280 . . . 108 . 210 Ramming 81 | . 4 4 . . . . . . . . . . 4 . . 27 . . . . . . . . . . . . . . . 42 . . . Kinetic 4506 | . 860 1538 83 288 298 895 118 . . . . . . . 426 . . . . . . . . . . . . . . . . . . . . Thermal 4248 | . . 395 64 389 694 1039 . . . . 27 397 . 33 . . 76 . . 110 . . . 459 . . . 34 . . . 291 34 206 . Explosive 5682 | . . 825 . . 293 176 . 344 . . 699 307 . . . 481 756 . . . . . . 577 . . . 195 . . . . . . 1029 Electromagnetic 3136 | . . . . . . . . . . . . . . . . 1518 . . . . . . . 122 . . . . . . . . . 1305 191 Impact 2066 | . 74 . . . . . 690 . . . . 453 . . . . 70 62 44 . . 45 . 628 . . . . . . . . . . . Slashing . | . . . . . . . . . . . . . . . . . . . . . . . . . . . . . . . . . . . . Piercing 2570 | . . . . . . . . . . . 272 604 279 . . 110 353 176 27 . . . . . 151 . . . 280 . . . 108 . 210 Highest Corruption 10 | . . . . . . . . . . . . . . . . 10 5 5 5 . . . 9 10 10 10 10 10 3 4 4 2 5 6 5 Average Corruption 6 | . . . . . . . . . . . . . . . . 5 3 5 4 . . . 9 9 10 10 10 10 2 3 4 1 3 5 5 Corruption Purged 5 | . . . . . . . . . . . . . . . . . . . 5 . . . . . . . . . . . . . . . . Corruption Blocked . | . . . . . . . . . . . . . . . . . . . . . . . . . . . . . . . . . . . . Effects 115 | . . . . . . . . . . . . . . . . 1 7 7 4 . . . 2 26 14 4 6 8 1 4 . 5 7 16 3 Message Errors 26 | . . . . . . . . . . . . . . . . . 3 1 2 . . . 1 6 3 1 . 4 . . . . . 4 1 Matter Fused 34 | . . . . . . . . . . . . . . . . 1 2 3 1 . . . . 10 5 . 1 1 . 2 . 1 1 5 1 Heat Flow Errors 11 | . . . . . . . . . . . . . . . . . . . . . . . . 3 4 . 1 . . . . 1 . 2 . Energy Discharges 15 | . . . . . . . . . . . . . . . . . . . 1 . . . . . 1 2 2 2 1 . . 2 2 1 1 Parts Rejected 2 | . . . . . . . . . . . . . . . . . 1 . . . . . . . . . . . . . . . 1 . . Data Loss (minor) 12 | . . . . . . . . . . . . . . . . . 1 1 . . . . 1 4 . . . . . 2 . . 2 1 . Data Loss (major) 6 | . . . . . . . . . . . . . . . . . . 1 . . . . . 2 . 1 1 1 . . . . . . . Misfires 4 | . . . . . . . . . . . . . . . . . . 1 . . . . . 1 1 . . . . . . 1 . . . Alerts 2 | . . . . . . . . . . . . . . . . . . . . . . . . . . . 1 . . . . . . 1 . Weapon Failures 3 | . . . . . . . . . . . . . . . . . . . . . . . . . . . . . . . . . 1 2 . Overload Shots . | . . . . . . . . . . . . . . . . . . . . . . . . . . . . . . . . . . . . Overflow Damage 2259 | . 34 12 . . 8 18 486 27 . . 51 316 28 . . 186 182 117 34 . . 45 . 470 40 . . 2 53 . . 27 . 53 70 Projectiles 119 | . . . . . 8 18 . . . . . 13 . . . . . . . . . . . . . . . . . . . 27 . 53 . Explosions 492 | . . 12 . . . . . 27 . . 38 66 . . . 136 8 . . . . . . 133 . . . 2 . . . . . . 70 Melee 1648 | . 34 . . . . . 486 . . . 13 237 28 . . 50 174 117 34 . . 45 . 337 40 . . . 53 . . . . . . Knockbacks 8 | . . . . . . . . . . . . 4 . . . . . . . . . . . 4 . . . . . . . . . . . Impact 8 | . . . . . . . . . . . . 4 . . . . . . . . . . . 4 . . . . . . . . . . . Kinetic . | . . . . . . . . . . . . . . . . . . . . . . . . . . . . . . . . . . . . Secondary . | . . . . . . . . . . . . . . . . . . . . . . . . . . . . . . . . . . . . Self-Inflicted Damage 744 | . . 62 . . 47 47 . 20 . . . 15 2 . . 180 79 . . . . . . 98 . . . . . . . 21 . . 173 Shots 16 | . . 2 . . 2 2 . 1 . . . 1 . . . 2 2 . . . . . . 2 . . . . . . . . . . 2 Rammed 6 | . 2 1 . . . . . . . . . . 1 . . 1 . . . . . . . . . . . . . . . 1 . . . Targets Rammed 6 | . 2 1 . . . . . . . . . . 1 . . 1 . . . . . . . . . . . . . . . 1 . . . Kicked . | . . . . . . . . . . . . . . . . . . . . . . . . . . . . . . . . . . . . Crushed . | . . . . . . . . . . . . . . . . . . . . . . . . . . . . . . . . . . . . Highest Temperature 320 | . 12 23 . 61 176 5 320 . . . 221 220 102 121 . 114 128 18 . 54 189 . . 199 292 199 174 60 140 128 . 199 199 199 187 Average Temperature 84 | . 7 10 . 26 83 3 149 . . . 97 54 41 67 . 46 38 9 . 13 76 . . 84 52 100 121 28 40 45 . 120 117 72 52 Received Heat Transfer 2290 | . 219 498 . 144 333 279 . . . . 96 63 94 . . 33 85 . . 9 . . . 117 . . . . 30 . . 35 6 132 117 Siege Activations . | . . . . . . . . . . . . . . . . . . . . . . . . . . . . . . . . . . . . Robots Corrupted 8 | . . . . . . . . . . . . . . . . 4 . . . . . . . . . . . . . . . . . 4 . Combat Hostiles 5 | . . . . . . . . . . . . . . . . 1 . . . . . . . . . . . . . . . . . 4 . Parts Fried 42 | . 2 . . . . . 7 . . . . 2 . . . 15 2 1 . . . 1 . 1 . . . . . . . . . 10 1 Impact Corruptions 35 | . 1 . . . . . 16 . . . . 3 . . . . 1 1 1 . . 2 . 10 . . . . . . . . . . . Robots Melted 3 | . . . . 1 . 2 . . . . . . . . . . . . . . . . . . . . . . . . . . . . . Combat Hostiles 2 | . . . . 1 . 1 . . . . . . . . . . . . . . . . . . . . . . . . . . . . . Parts Melted 7 | . . 1 . 1 . 3 . . . . . 1 . . . . . . . . . . . 1 . . . . . . . . . . . Heat Transferred 6825 | . . 693 111 703 1924 1628 . . . . 50 550 . 50 . . 74 . . 248 . . . 300 . . . 50 . . . 259 37 148 . Parts Sabotaged . | . . . . . . . . . . . . . . . . . . . . . . . . . . . . . . . . . . . . Parts Stolen . | . . . . . . . . . . . . . . . . . . . . . . . . . . . . . . . . . . . . Parts Stripped . | . . . . . . . . . . . . . . . . . . . . . . . . . . . . . . . . . . . . Power Chain Reactions . | . . . . . . . . . . . . . . . . . . . . . . . . . . . . . . . . . . . . Missiles Intercepted . | . . . . . . . . . . . . . . . . . . . . . . . . . . . . . . . . . . . . Alert | -11 -10 -9 -9 -8 -8 -8 -7 -7 -7 -7 -6 -6 -6 -6 -6 -6 -5 -5 -5 -5 -4 -4 -4 -4 -4 -4 -4 -3 -3 -3 -3 -2 -2 -2 -1 ------- Run | Scr Mat Mat Min Mat Gar Mat Fac Low Low Zio Pro Fac Ext Cet Arc Hub Fac Upp Upp War Pro Fac Was Fac Upp Upp Zhi Pro Res Arm Lab Res Tes Sec Acc Peak Influence 1071 | . 262 967 382 202 529 295 249 . . . . 391 292 258 331 728 498 . . . . 5 1 391 . . . . 305 346 . 304 477 872 1071 Initial 523 | . . . 302 16 13 257 42 . . . . 88 153 147 103 115 356 . . . . . 1 . . . . . 74 159 . . 171 172 523 Average 233 | . 70 523 230 69 241 145 160 . . . . 220 122 238 257 294 218 . . . . 2 . 168 . . . . 191 250 . 119 311 587 712 Maximum Alert Level 3 | . 1 3 1 1 2 1 1 . . . . 1 1 1 1 3 2 . . . . . . 1 . . . . 1 1 . 1 2 3 3 Low Security (%) 54 | 100 97 2 60 98 36 78 68 . . . . 44 79 15 31 24 54 . . . . 100 100 68 . . . . 56 8 . 84 8 1 . Level 1 31 | . 2 33 39 1 53 21 31 . . . . 55 20 84 68 55 33 . . . . . . 31 . . . . 43 91 . 15 58 18 . Level 2 9 | . . 37 . . 10 . . . . . . . . . . 19 12 . . . . . . . . . . . . . . . 32 48 56 Level 3 4 | . . 26 . . . . . . . . . . . . . . . . . . . . . . . . . . . . . . . 31 43 Level 4 . | . . . . . . . . . . . . . . . . . . . . . . . . . . . . . . . . . . . . Level 5 . | . . . . . . . . . . . . . . . . . . . . . . . . . . . . . . . . . . . . High Security . | . . . . . . . . . . . . . . . . . . . . . . . . . . . . . . . . . . . . Max Security . | . . . . . . . . . . . . . . . . . . . . . . . . . . . . . . . . . . . . Squads Dispatched 53 | . 2 4 . 2 . 2 1 . . . . 7 1 . . 4 5 . . . . 1 . 6 . . . . 1 1 . 2 1 7 6 Investigation 14 | . 1 2 . . . 2 . . . . . 3 1 . . 2 . . . . . . . 3 . . . . . . . . . . . Extermination 10 | . . . . . . . 1 . . . . 2 . . . . 1 . . . . . . 1 . . . . 1 1 . . 1 1 1 Reinforcement 19 | . 1 1 . 2 . . . . . . . 1 . . . 2 3 . . . . 1 . 2 . . . . . . . 2 . 2 2 Assault 2 | . . 1 . . . . . . . . . . . . . . . . . . . . . . . . . . . . . . . 1 . Garrison 5 | . . . . . . . . . . . . 1 . . . . 1 . . . . . . . . . . . . . . . . . 3 Intercept 3 | . . . . . . . . . . . . . . . . . . . . . . . . . . . . . . . . . . 3 . Searches Triggered . | . . . . . . . . . . . . . . . . . . . . . . . . . . . . . . . . . . . . Construction Impeded 3 | . . . . . . . . . . . . . . . . . 2 . . . . . . 1 . . . . . . . . . . . Haulers Reinforced 2 | . . . . . . . . . . . . . . . . . . . . . . . . 1 . . . . . . . 1 . . . Active Scanning Responses . | . . . . . . . . . . . . . . . . . . . . . . . . . . . . . . . . . . . . Cargo Convoy Interrupts . | . . . . . . . . . . . . . . . . . . . . . . . . . . . . . . . . . . . . Stealth | -11 -10 -9 -9 -8 -8 -8 -7 -7 -7 -7 -6 -6 -6 -6 -6 -6 -5 -5 -5 -5 -4 -4 -4 -4 -4 -4 -4 -3 -3 -3 -3 -2 -2 -2 -1 --------- Run | Scr Mat Mat Min Mat Gar Mat Fac Low Low Zio Pro Fac Ext Cet Arc Hub Fac Upp Upp War Pro Fac Was Fac Upp Upp Zhi Pro Res Arm Lab Res Tes Sec Acc Distress Signals 22 | . 2 2 . . . 1 . . . . . . 2 1 . 3 3 . . 1 . . . 2 . . . . . . . 5 . . . Communications Jammed 52 | . . . . . . . . . . . . . . . . . . . . . . . . . . . . . . . . 17 1 34 . Distress Signals 40 | . . . . . . . . . . . . . . . . . . . . . . . . . . . . . . . . 17 1 22 . Times Spotted 454 | . 22 53 2 10 15 26 6 3 13 . 14 30 21 5 14 18 19 1 1 31 . 1 6 31 1 2 . 1 8 4 . 19 7 41 29 Peak Tracking Total 19 | . 4 7 2 5 4 4 4 4 4 . 4 4 5 5 2 10 4 1 1 13 . 1 6 9 1 1 . 1 6 2 . 6 5 19 12 Tactical Retreats 42 | . . . . 1 . . 3 . 4 . . 5 1 . . 2 2 . . 1 . . . 5 . 1 . . . . . 5 2 4 6 Traps | -11 -10 -9 -9 -8 -8 -8 -7 -7 -7 -7 -6 -6 -6 -6 -6 -6 -5 -5 -5 -5 -4 -4 -4 -4 -4 -4 -4 -3 -3 -3 -3 -2 -2 -2 -1 ------- Run | Scr Mat Mat Min Mat Gar Mat Fac Low Low Zio Pro Fac Ext Cet Arc Hub Fac Upp Upp War Pro Fac Was Fac Upp Upp Zhi Pro Res Arm Lab Res Tes Sec Acc Traps Triggered 18 | . 3 2 . . 3 . . . . . . 1 . . . 2 2 . . . . 1 . 2 1 . . . . . . . . 1 . Indirectly 1 | . . . . . . . . . . . . . . . . 1 . . . . . . . . . . . . . . . . . . . Trap Hack Attempts . | . . . . . . . . . . . . . . . . . . . . . . . . . . . . . . . . . . . . Triggered . | . . . . . . . . . . . . . . . . . . . . . . . . . . . . . . . . . . . . Disarmed 4 | . . . . . . . . . . . . . 4 . . . . . . . . . . . . . . . . . . . . . . Reprogrammed . | . . . . . . . . . . . . . . . . . . . . . . . . . . . . . . . . . . . . Reused . | . . . . . . . . . . . . . . . . . . . . . . . . . . . . . . . . . . . . Traps Extracted . | . . . . . . . . . . . . . . . . . . . . . . . . . . . . . . . . . . . . Installed . | . . . . . . . . . . . . . . . . . . . . . . . . . . . . . . . . . . . . Triggered 17 | . . . . . . . . . 2 . . . . . . 1 . 1 . 11 2 . . . . . . . . . . . . . . Most Traps Carried 5 | . . . . . . . . . . . . . . . . . . 5 4 3 . . . . . . . . . . . . . . . Machines | -11 -10 -9 -9 -8 -8 -8 -7 -7 -7 -7 -6 -6 -6 -6 -6 -6 -5 -5 -5 -5 -4 -4 -4 -4 -4 -4 -4 -3 -3 -3 -3 -2 -2 -2 -1 ---------- Run | Scr Mat Mat Min Mat Gar Mat Fac Low Low Zio Pro Fac Ext Cet Arc Hub Fac Upp Upp War Pro Fac Was Fac Upp Upp Zhi Pro Res Arm Lab Res Tes Sec Acc Machines Disabled 60 | . . 5 . . . 2 1 . . . . 6 1 . 2 8 5 . . . . . . 12 . . . 1 1 3 . . 3 7 3 Max in Single Turn 7 | . . 3 . . . 1 1 . . . . 5 . . 1 7 1 . . . . . . 5 . . . 1 1 1 . . 1 1 1 Garrison Access 6 | . . . . . . . . . . . . . . . . 1 . . . . . . . 2 . . . . 1 . . 1 1 . . Network Hub 2 | . . . . . . . . . . . . . . . . 2 . . . . . . . . . . . . . . . . . . . Machines Sabotaged . | . . . . . . . . . . . . . . . . . . . . . . . . . . . . . . . . . . . . Garrisons Compromised . | . . . . . . . . . . . . . . . . . . . . . . . . . . . . . . . . . . . . Overloaded Fab Kills . | . . . . . . . . . . . . . . . . . . . . . . . . . . . . . . . . . . . . Hacking | -11 -10 -9 -9 -8 -8 -8 -7 -7 -7 -7 -6 -6 -6 -6 -6 -6 -5 -5 -5 -5 -4 -4 -4 -4 -4 -4 -4 -3 -3 -3 -3 -2 -2 -2 -1 --------- Run | Scr Mat Mat Min Mat Gar Mat Fac Low Low Zio Pro Fac Ext Cet Arc Hub Fac Upp Upp War Pro Fac Was Fac Upp Upp Zhi Pro Res Arm Lab Res Tes Sec Acc Machines Accessed 123 | . 7 5 . 2 1 5 9 1 1 . . 12 13 1 . 5 11 . . 3 . . . 13 . . 4 . 7 2 . 2 10 8 1 Terminals 77 | . 6 4 . 1 1 3 4 . . . . 7 13 1 . 4 7 . . . . . . 5 . . . . 4 1 . 1 7 8 . Fabricators 9 | . . . . . . . 1 . . . . 2 . . . . 1 . . . . . . 3 . . . . 1 1 . . . . . Repair Stations 5 | . . 1 . . . 1 . . . . . 1 . . . . . . . . . . . 1 . . . . . . . . 1 . . Recycling Units 7 | . 1 . . . . . 2 . . . . 1 . . . . 2 . . . . . . . . . . . 1 . . . . . . Scanalyzers 8 | . . . . . . 1 2 . . . . 1 . . . . 1 . . . . . . 2 . . . . . . . . 1 . . Garrison Access 8 | . . . . 1 . . . . . . . . . . . 1 . . . . . . . 2 . . . . 1 . . 1 1 . 1 Total Hacks 521 | . 17 18 . 5 5 28 27 3 1 . . 38 37 1 . 16 93 . . 5 . . . 85 . . 17 . 37 12 . 8 33 33 2 Successful 292 | . 5 7 . 2 1 21 12 3 1 . . 19 27 1 . 12 56 . . 5 . . . 49 . . 17 . 19 6 . 3 15 11 . Failed 228 | . 12 11 . 3 4 7 15 . . . . 19 9 . . 4 37 . . . . . . 36 . . . . 18 6 . 5 18 22 2 Catastrophic 39 | . 1 1 . . . 2 4 . . . . 3 . . . . 5 . . . . . . 2 . . . . 5 2 . 1 7 5 1 Database Lockouts 1 | . . . . . . . . . . . . . 1 . . . . . . . . . . . . . . . . . . . . . . Manual 243 | . 11 9 . . . 6 15 . . . . 21 20 1 . 7 47 . . . . . . 49 . . . . 12 5 2 5 15 18 . Terminals 356 | . 15 16 . 4 5 13 17 . . . . 17 37 1 . 15 69 . . . . . . 49 . . . . 24 10 . 5 26 33 . Fabricators 40 | . . . . . . . 2 . . . . 10 . . . . 5 . . . . . . 17 . . . . 4 2 . . . . . Repair Stations 13 | . . 2 . . . 2 . . . . . 3 . . . . . . . . . . . 2 . . . . . . . . 4 . . Recycling Units 30 | . 2 . . . . . 4 . . . . 5 . . . . 14 . . . . . . . . . . . 5 . . . . . . Scanalyzers 39 | . . . . . . 13 4 . . . . 3 . . . . 5 . . . . . . 12 . . . . . . . . 2 . . Garrison Access 17 | . . . . 1 . . . . . . . . . . . 1 . . . . . . . 5 . . . . 4 . . 3 1 . 2 Terminal Hacks 159 | . 2 4 . 1 1 5 7 3 1 . . 4 21 1 . 8 31 . . 5 . . . 20 . . 17 . 10 3 . . 6 9 . Record 13 | . . . . . . . . 3 1 . . . . . . . . . . 4 . . . . . . 5 . . . . . . . . Part Schematic 14 | . . . . . . . 2 . . . . . 2 . . . 2 . . . . . . 3 . . 4 . 1 . . . . . . Robot Analysis 10 | . 2 . . . . 1 1 . . . . . . . . . 1 . . . . . . . . . 4 . 1 . . . . . . Prototype ID Bank 10 | . . . . . . . . . . . . . 2 . . . 1 . . . . . . 2 . . 4 . . . . . 1 . . Open Door 13 | . . . . . 1 . . . . . . . 5 1 . . . . . 1 . . . . . . . . . . . . 1 4 . Level Access Points 3 | . . . . . . . 1 . . . . . . . . . . . . . . . . . . . . . 1 1 . . . . . Branch Access Points 7 | . . 1 . . . . 1 . . . . . . . . 1 1 . . . . . . 2 . . . . 1 . . . . . . Emergency Access Points 2 | . . . . . . . . . . . . . . . . 1 1 . . . . . . . . . . . . . . . . . . Terminal Index 6 | . . . . . . . . . . . . 1 1 . . . 1 . . . . . . 1 . . . . 1 . . . 1 . . Fabricator Index 2 | . . . . . . . . . . . . 1 . . . . 1 . . . . . . . . . . . . . . . . . . Repair Station Index 1 | . . . . . . . . . . . . . . . . . 1 . . . . . . . . . . . . . . . . . . Recycling Unit Index 1 | . . . . . . . . . . . . . . . . . 1 . . . . . . . . . . . . . . . . . . Scanalyzer Index 1 | . . . . . . . . . . . . . . . . . 1 . . . . . . . . . . . . . . . . . . Garrison Index 2 | . . . . . . . . . . . . . . . . . 1 . . . . . . 1 . . . . . . . . . . . Alert Level 7 | . . . . . . . . . . . . . 1 . . . 2 . . . . . . 1 . . . . . . . . 1 2 . Unreport Threat 14 | . . 1 . . . 2 . . . . . . 2 . . 2 5 . . . . . . 2 . . . . . . . . . . . Locate Traps 8 | . . . . . . 1 . . . . . 1 1 . . . 1 . . . . . . . . . . . 1 . . . 2 1 . Disarm Traps 1 | . . . . . . . . . . . . . 1 . . . . . . . . . . . . . . . . . . . . . . Dispatch Records 1 | . . . . . . . . . . . . . 1 . . . . . . . . . . . . . . . . . . . . . . Maintenance Status 1 | . . . . . . . . . . . . . . . . . 1 . . . . . . . . . . . . . . . . . . Security Status 2 | . . . . . . . . . . . . . 1 . . . 1 . . . . . . . . . . . . . . . . . . Patrol Status 6 | . . . . . . . . . . . . . 1 . . 1 2 . . . . . . 2 . . . . . . . . . . . Reinforcement Status 1 | . . . . . . . . . . . . . . . . . 1 . . . . . . . . . . . . . . . . . . Garrison Status 1 | . . . . . . . . . . . . . . . . . 1 . . . . . . . . . . . . . . . . . . Recall Investigation 2 | . . . . . . . . . . . . . . . . . . . . . . . . 2 . . . . . . . . . . . Recall Extermination 1 | . . . . . . . . . . . . . . . . . . . . . . . . 1 . . . . . . . . . . . Hauler Manifests 4 | . . 1 . . . 1 . . . . . . . . . . 1 . . . . . . . . . . . 1 . . . . . . Zone Layout 25 | . . 1 . 1 . . 2 . . . . 1 3 . . 3 4 . . . . . . 3 . . . . 3 2 . . . 2 . Fabricator Hacks 17 | . . . . . . . . . . . . 3 . . . . 3 . . . . . . 9 . . . . 2 . . . . . . Network Status 3 | . . . . . . . . . . . . 1 . . . . 1 . . . . . . 1 . . . . . . . . . . . Load Schematic 9 | . . . . . . . . . . . . 2 . . . . 1 . . . . . . 5 . . . . 1 . . . . . . Build 5 | . . . . . . . . . . . . . . . . . 1 . . . . . . 3 . . . . 1 . . . . . . Repair Station Hacks 10 | . . 2 . . . 2 . . . . . 2 . . . . . . . . . . . 2 . . . . . . . . 2 . . Scan Component 5 | . . 1 . . . 1 . . . . . 1 . . . . . . . . . . . 1 . . . . . . . . 1 . . Repair 5 | . . 1 . . . 1 . . . . . 1 . . . . . . . . . . . 1 . . . . . . . . 1 . . Recycling Unit Hacks 12 | . 1 . . . . . . . . . . 1 . . . . 10 . . . . . . . . . . . . . . . . . . Recycle Component 1 | . . . . . . . . . . . . . . . . . 1 . . . . . . . . . . . . . . . . . . Process 2 | . . . . . . . . . . . . . . . . . 2 . . . . . . . . . . . . . . . . . . Report Inventory 3 | . . . . . . . . . . . . 1 . . . . 2 . . . . . . . . . . . . . . . . . . Retrieve Matter 5 | . . . . . . . . . . . . . . . . . 5 . . . . . . . . . . . . . . . . . . Retrieve Components 1 | . 1 . . . . . . . . . . . . . . . . . . . . . . . . . . . . . . . . . . Scanalyzer 23 | . . . . . . 13 1 . . . . 1 . . . . 3 . . . . . . 5 . . . . . . . . . . . Insert Component 13 | . . . . . . 6 1 . . . . 1 . . . . 2 . . . . . . 3 . . . . . . . . . . . Analyze 10 | . . . . . . 7 . . . . . . . . . . 1 . . . . . . 2 . . . . . . . . . . . Garrison Access Hacks 7 | . . . . 1 . . . . . . . . . . . 1 . . . . . . . 2 . . . . 1 . . 1 1 . . Unlock Access 1 | . . . . 1 . . . . . . . . . . . . . . . . . . . . . . . . . . . . . . . Seal Access 6 | . . . . . . . . . . . . . . . . 1 . . . . . . . 2 . . . . 1 . . 1 1 . . Unauthorized Hacks 64 | . 2 1 . . . 1 4 . . . . 8 6 . . 3 9 . . . . . . 11 . . . . 6 3 . 2 6 2 . Terminals 44 | . 1 1 . . . 1 2 . . . . 2 6 . . 3 7 . . . . . . 7 . . . . 3 2 . 2 5 2 . Track 3 | . . . . . . . . . . . . . . . . . . . . . . . . 1 . . . . . 1 . . 1 . . Assimilate 3 | . . . . . . . . . . . . 1 . . . . . . . . . . . 1 . . . . . . . . 1 . . Botnet 23 | . 1 . . . . . 1 . . . . 1 5 . . 1 5 . . . . . . 2 . . . . 2 1 . 1 2 1 . Detonate 1 | . . . . . . . . . . . . . . . . . . . . . . . . 1 . . . . . . . . . . . Disrupt 1 | . . . . . . . . . . . . . . . . . . . . . . . . 1 . . . . . . . . . . . Operators 12 | . . 1 . . . 1 1 . . . . . 1 . . 1 2 . . . . . . 1 . . . . 1 . . 1 1 1 . Sabotage 1 | . . . . . . . . . . . . . . . . 1 . . . . . . . . . . . . . . . . . . . Fabricators 11 | . . . . . . . . . . . . 4 . . . . 2 . . . . . . 4 . . . . . 1 . . . . . Prioritize 4 | . . . . . . . . . . . . 1 . . . . 1 . . . . . . 2 . . . . . . . . . . . Liberate 1 | . . . . . . . . . . . . . . . . . 1 . . . . . . . . . . . . . . . . . . Haulers 2 | . . . . . . . . . . . . 1 . . . . . . . . . . . . . . . . . 1 . . . . . Recompile 4 | . . . . . . . . . . . . 2 . . . . . . . . . . . 2 . . . . . . . . . . . Repair Stations . | . . . . . . . . . . . . . . . . . . . . . . . . . . . . . . . . . . . . Recycling Units 8 | . 1 . . . . . 2 . . . . 2 . . . . . . . . . . . . . . . . 3 . . . . . . Reject 1 | . . . . . . . . . . . . . . . . . . . . . . . . . . . . . 1 . . . . . . Recyclers 4 | . 1 . . . . . 1 . . . . 1 . . . . . . . . . . . . . . . . 1 . . . . . . Mask 3 | . . . . . . . 1 . . . . 1 . . . . . . . . . . . . . . . . 1 . . . . . . Scanalyzers 1 | . . . . . . . . . . . . . . . . . . . . . . . . . . . . . . . . . 1 . . Researchers 1 | . . . . . . . . . . . . . . . . . . . . . . . . . . . . . . . . . 1 . . Garrison Access . | . . . . . . . . . . . . . . . . . . . . . . . . . . . . . . . . . . . . Data Cores Recovered . | . . . . . . . . . . . . . . . . . . . . . . . . . . . . . . . . . . . . Used . | . . . . . . . . . . . . . . . . . . . . . . . . . . . . . . . . . . . . Hacking Detections 86 | . 7 4 . 1 1 4 8 . . . . 10 11 . . 2 8 . . . . . . 11 . . . . 5 1 . 2 6 4 1 Full Trace Events 6 | . . 1 . . 1 2 . . . . . 1 . . . . . . . . . . . 1 . . . . . . . . . . . Feedback Events 1 | . . . . . . . . . . . . 1 . . . . . . . . . . . . . . . . . . . . . . . Hackware Fried 1 | . . . . . . . . . . . . 1 . . . . . . . . . . . . . . . . . . . . . . . Feedback Blocked 1 | . . . . . . . . . . . . 1 . . . . . . . . . . . . . . . . . . . . . . . Robot Schematics Acquired 5 | . . . . . . . . . . 4 . . . . . . . . . . . . . . . . . . . . . . 1 . . Robots Built . | . . . . . . . . . . . . . . . . . . . . . . . . . . . . . . . . . . . . Authchips . | . . . . . . . . . . . . . . . . . . . . . . . . . . . . . . . . . . . . Time . | . . . . . . . . . . . . . . . . . . . . . . . . . . . . . . . . . . . . Total Robot Build Rating . | . . . . . . . . . . . . . . . . . . . . . . . . . . . . . . . . . . . . Part Schematics Acquired 39 | . . . . . . 5 2 . . 14 . . 2 . . . 3 . . . . . . 5 . . 4 . 1 . . . 3 . . Parts Built 9 | . . . . . . . . . . . . . . . . . 1 . . . . . . 6 . . . . 2 . . . . . . Authchips 4 | . . . . . . . . . . . . . . . . . 1 . . . . . . 2 . . . . 1 . . . . . . Time 280 | . . . . . . . . . . . . . . . . . 38 . . . . . . 196 . . . . 46 . . . . . . Total Part Build Rating 77 | . . . . . . . . . . . . . . . . . 5 . . . . . . 54 . . . . 18 . . . . . . Parts Repaired 5 | . . 1 . . . 1 . . . . . 1 . . . . . . . . . . . 1 . . . . . . . . 1 . . Time 238 | . . 26 . . . 38 . . . . . 19 . . . . . . . . . . . 47 . . . . . . . . 108 . . Parts Recycled 1 | . . . . . . . . . . . . . . . . . 1 . . . . . . . . . . . . . . . . . . Recycled Matter 192 | . . . . . . . . . . . . . . . . . 192 . . . . . . . . . . . . . . . . . . Retrieved Matter 192 | . . . . . . . . . . . . . . . . . 192 . . . . . . . . . . . . . . . . . . Retrieved Components 10 | . 10 . . . . . . . . . . . . . . . . . . . . . . . . . . . . . . . . . . Parts Scanalyzed 12 | . . . . . . 5 1 . . . . 1 . . . . 2 . . . . . . 3 . . . . . . . . . . . Part Schematics Acquired 8 | . . . . . . 5 . . . . . . . . . . 1 . . . . . . 2 . . . . . . . . . . . Parts Damaged . | . . . . . . . . . . . . . . . . . . . . . . . . . . . . . . . . . . . . Bothacking | -11 -10 -9 -9 -8 -8 -8 -7 -7 -7 -7 -6 -6 -6 -6 -6 -6 -5 -5 -5 -5 -4 -4 -4 -4 -4 -4 -4 -3 -3 -3 -3 -2 -2 -2 -1 ------------ Run | Scr Mat Mat Min Mat Gar Mat Fac Low Low Zio Pro Fac Ext Cet Arc Hub Fac Upp Upp War Pro Fac Was Fac Upp Upp Zhi Pro Res Arm Lab Res Tes Sec Acc Used RIF Installer . | . . . . . . . . . . . . . . . . . . . . . . . . . . . . . . . . . . . . Robots Hacked . | . . . . . . . . . . . . . . . . . . . . . . . . . . . . . . . . . . . . Non-combat . | . . . . . . . . . . . . . . . . . . . . . . . . . . . . . . . . . . . . Combat . | . . . . . . . . . . . . . . . . . . . . . . . . . . . . . . . . . . . . Robot Hacks Applied . | . . . . . . . . . . . . . . . . . . . . . . . . . . . . . . . . . . . . Relay Couplers Released . | . . . . . . . . . . . . . . . . . . . . . . . . . . . . . . . . . . . . Fabnet Peak Effective % . | . . . . . . . . . . . . . . . . . . . . . . . . . . . . . . . . . . . . Robots Rewired 21 | . . . . . 6 . 1 . . . . . 14 . . . . . . . . . . . . . . . . . . . . . . Allies Hacked . | . . . . . . . . . . . . . . . . . . . . . . . . . . . . . . . . . . . . Hacks Repelled . | . . . . . . . . . . . . . . . . . . . . . . . . . . . . . . . . . . . . Allies | -11 -10 -9 -9 -8 -8 -8 -7 -7 -7 -7 -6 -6 -6 -6 -6 -6 -5 -5 -5 -5 -4 -4 -4 -4 -4 -4 -4 -3 -3 -3 -3 -2 -2 -2 -1 -------- Run | Scr Mat Mat Min Mat Gar Mat Fac Low Low Zio Pro Fac Ext Cet Arc Hub Fac Upp Upp War Pro Fac Was Fac Upp Upp Zhi Pro Res Arm Lab Res Tes Sec Acc Total Allies 41 | . . . . . 6 . 1 . . 3 1 1 20 5 . . 2 . . . . . 1 . . . . . . . . . 1 . . Largest Group 10 | . . . . . 6 . 1 . . 3 4 1 10 10 7 5 2 . . . . . 1 . . . . . . . . . 1 . . Highest-Rated Group 775 | . . . . . 60 . 32 . . 110 119 26 384 775 564 356 82 . . . . . 46 . . . . . . . . . 26 . . Highest-Rated Ally 159 | . . . . . 20 . 32 . . 51 51 26 159 159 159 96 41 . . . . . 46 . . . . . . . . . 26 . . Warlord Squad Rendezvous 2 | . . . . . . . . . . . . 2 . . . . . . . . . . . . . . . . . . . . . . . Ranger 1 | . . . . . . . . . . . . 1 . . . . . . . . . . . . . . . . . . . . . . . Pyro 1 | . . . . . . . . . . . . 1 . . . . . . . . . . . . . . . . . . . . . . . Total Orders 2 | . . . . . . . 1 . . . . . . 1 . . . . . . . . . . . . . . . . . . . . . STAY 2 | . . . . . . . 1 . . . . . . 1 . . . . . . . . . . . . . . . . . . . . . Ally Attacks 342 | . . . . . 36 . 11 . . . 18 . 114 41 52 41 26 . . . . . 3 . . . . . . . . . . . . Total Damage 8597 | . . . . . 558 . 369 . . . 345 . 2451 723 1675 1468 944 . . . . . 64 . . . . . . . . . . . . Kills 61 | . . . . . 8 . 3 . . . 5 . 18 6 5 13 3 . . . . . . . . . . . . . . . . . . Allies Corrupted . | . . . . . . . . . . . . . . . . . . . . . . . . . . . . . . . . . . . . Allies Melted . | . . . . . . . . . . . . . . . . . . . . . . . . . . . . . . . . . . . . Intel | -11 -10 -9 -9 -8 -8 -8 -7 -7 -7 -7 -6 -6 -6 -6 -6 -6 -5 -5 -5 -5 -4 -4 -4 -4 -4 -4 -4 -3 -3 -3 -3 -2 -2 -2 -1 ------- Run | Scr Mat Mat Min Mat Gar Mat Fac Low Low Zio Pro Fac Ext Cet Arc Hub Fac Upp Upp War Pro Fac Was Fac Upp Upp Zhi Pro Res Arm Lab Res Tes Sec Acc Robot Analysis Total 10 | . 2 . . . . 1 1 . . . . . . . . . 1 . . . . . . . . . 4 . 1 . . . . . . Derelict Logs Recovered 12 | . . . 2 . . . . 2 1 1 1 . . . . . . 2 1 . 1 . . . 1 . . . . . . . . . . Drone Launches . | . . . . . . . . . . . . . . . . . . . . . . . . . . . . . . . . . . . . Drone Recoveries . | . . . . . . . . . . . . . . . . . . . . . . . . . . . . . . . . . . . . Exploration | -11 -10 -9 -9 -8 -8 -8 -7 -7 -7 -7 -6 -6 -6 -6 -6 -6 -5 -5 -5 -5 -4 -4 -4 -4 -4 -4 -4 -3 -3 -3 -3 -2 -2 -2 -1 ------------- Run | Scr Mat Mat Min Mat Gar Mat Fac Low Low Zio Pro Fac Ext Cet Arc Hub Fac Upp Upp War Pro Fac Was Fac Upp Upp Zhi Pro Res Arm Lab Res Tes Sec Acc Turns Passed 22067 | 4 1773 1745 1010 439 1259 2075 843 451 539 672 917 1410 910 222 181 333 866 292 345 1176 260 39 44 779 473 134 142 234 330 257 7 696 407 514 289 Spaces Moved 19821 | 1 680 654 411 135 380 716 1062 571 481 824 641 1712 820 113 124 344 1005 435 347 1220 394 66 86 916 696 229 158 426 496 303 15 1531 588 838 403 Core . | . . . . . . . . . . . . . . . . . . . . . . . . . . . . . . . . . . . . Treads 2966 | 1 680 654 411 135 380 705 . . . . . . . . . . . . . . . . . . . . . . . . . . . . . Legs . | . . . . . . . . . . . . . . . . . . . . . . . . . . . . . . . . . . . . Wheels . | . . . . . . . . . . . . . . . . . . . . . . . . . . . . . . . . . . . . Hover 16588 | . . . . . . 11 1062 571 481 824 641 1712 820 113 124 344 1005 435 347 1220 394 66 86 916 696 229 158 426 496 303 15 1531 588 611 363 Flight . | . . . . . . . . . . . . . . . . . . . . . . . . . . . . . . . . . . . . Fastest Speed 33 | 160 160 160 240 240 240 68 68 68 68 68 68 56 63 63 58 58 44 48 53 48 48 48 48 48 48 48 48 48 43 40 40 36 36 36 33 Average Speed 80 | 160 211 195 240 240 240 235 68 68 68 68 68 61 63 63 60 60 61 57 54 53 49 48 48 49 48 48 48 48 43 40 40 36 37 45 41 Slowest Speed 320 | 160 320 240 240 240 240 240 68 68 68 68 68 64 63 63 120 120 105 115 115 115 108 48 48 50 50 48 48 48 44 144 40 36 136 152 134 Overloaded Moves . | . . . . . . . . . . . . . . . . . . . . . . . . . . . . . . . . . . . . Propulsion Burnouts . | . . . . . . . . . . . . . . . . . . . . . . . . . . . . . . . . . . . . Robots Hopped . | . . . . . . . . . . . . . . . . . . . . . . . . . . . . . . . . . . . . Cave-ins Triggered . | . . . . . . . . . . . . . . . . . . . . . . . . . . . . . . . . . . . . Teleports 2 | . . . . . . . . . . . . . . . . . . . . . . . . . . . . . . 1 . . . . 1 Microwarps 24 | . . . . . . . . . . . . . . . . . . . . . . . . . . . . . . . . . . 19 5 Exploration Rate (%) 50 | 2 93 75 77 17 54 43 20 73 54 80 77 40 88 57 72 32 30 54 41 87 60 2 73 33 74 39 60 55 13 21 12 48 77 53 14 Regions Visited 35 Branch Regions 21 Pre-discovered Areas 7 | . . . 1 . . . . 1 . 2 . . . . . . . . . . . . . . . . 3 . . . . . . . . Known Exits Taken 29 | . . 1 . 1 . 1 1 1 1 1 1 1 1 1 1 1 1 1 1 1 1 . . 1 1 1 1 1 1 1 1 1 1 1 . Unknown Exits Taken 3 | 1 1 . 1 . . . . . . . . . . . . . . . . . . . . . . . . . . . . . . . . Scrap Searched 25 | . . . 2 . . . . 4 2 3 3 . . . . . . 4 2 . 2 . . . 3 . . . . . . . . . . Spaces Dug 366 | . 4 25 . . 10 . 12 22 . . 44 24 7 . . 13 29 1 2 7 7 . . 62 4 10 . 1 6 12 . 20 25 17 2 Terrain Destroyed 1106 | . 4 152 . . 13 37 12 36 . . 57 51 8 2 8 376 61 1 2 7 7 . . 109 5 10 . 16 6 13 . 22 25 17 49 Melee 98 | . 4 . . . . . 12 1 . . 9 8 . . . 5 16 1 2 7 . . . 13 . 1 . . 3 2 . 8 1 4 1 Projectile 199 | . . . . . . 9 . . . . 13 23 8 2 8 10 14 . . . 7 . . 23 5 9 . 2 3 11 . 14 24 13 1 AOE 809 | . . 152 . . 13 28 . 35 . . 35 20 . . . 361 31 . . . . . . 73 . . . 14 . . . . . . 47 Terrain Rammed . | . . . . . . . . . . . . . . . . . . . . . . . . . . . . . . . . . . . . Walls Destroyed . | . . . . . . . . . . . . . . . . . . . . . . . . . . . . . . . . . . . . Machines Disabled . | . . . . . . . . . . . . . . . . . . . . . . . . . . . . . . . . . . . . Actions | -11 -10 -9 -9 -8 -8 -8 -7 -7 -7 -7 -6 -6 -6 -6 -6 -6 -5 -5 -5 -5 -4 -4 -4 -4 -4 -4 -4 -3 -3 -3 -3 -2 -2 -2 -1 --------- Run | Scr Mat Mat Min Mat Gar Mat Fac Low Low Zio Pro Fac Ext Cet Arc Hub Fac Upp Upp War Pro Fac Was Fac Upp Upp Zhi Pro Res Arm Lab Res Tes Sec Acc Total 24560 | 6 889 935 423 198 587 953 1140 627 692 935 1047 1964 1191 258 203 434 1180 467 494 1711 452 71 88 1165 823 242 220 447 588 415 15 1636 766 818 480 Wait 3097 | . 105 88 . 29 44 94 14 49 209 98 339 130 292 133 42 52 63 8 138 433 38 . . 170 100 4 43 11 51 73 1 25 111 34 76 Move 19543 | . 679 653 410 135 377 715 1061 570 480 823 640 1711 819 112 123 344 1004 434 346 1219 393 66 85 915 695 228 157 425 495 302 14 1530 587 629 367 Hop . | . . . . . . . . . . . . . . . . . . . . . . . . . . . . . . . . . . . . Pick Up 201 | . 12 27 2 3 9 13 10 1 . 5 3 13 4 1 2 . 10 9 2 9 4 . 2 7 5 . 4 1 4 6 . 10 8 13 2 Fast Attach 66 | . 7 6 . . 1 3 . . 1 1 . 4 . 2 1 . 6 . . 6 . . . 1 . . 3 . 3 2 . 2 5 7 5 Attach 80 | 2 . 2 . 3 2 5 2 . . . 3 5 1 . . . 10 2 1 2 2 1 . 3 2 . 1 . 4 2 . 6 3 11 5 Detach 14 | . 1 . . . . . . . . . . . . . . . 2 . . 2 . . . . 1 . . . 1 . . . . 5 2 Swap 234 | . 9 25 1 1 14 21 4 2 1 1 14 20 2 1 6 13 7 4 2 4 3 2 . 8 9 . 6 4 5 4 . 12 7 18 4 Drop 240 | 4 7 30 3 1 10 24 9 1 1 6 2 10 5 3 4 1 13 4 2 16 5 1 1 8 4 . 5 1 7 7 . 15 12 18 . Fire 716 | . 61 103 7 26 74 78 6 3 . . 24 36 11 6 25 17 23 . . 9 7 . . 31 4 9 . 4 9 15 . 23 29 64 12 Melee 231 | . 6 . . . . . 20 1 . 1 22 35 10 . . 7 29 6 3 11 . 1 . 22 3 1 1 1 9 4 . 12 4 15 7 Ram 2 | . . . . . . . . . . . . . 1 . . . . . . . . . . . . . . . . . . 1 . . . Kick . | . . . . . . . . . . . . . . . . . . . . . . . . . . . . . . . . . . . . Crush 3 | . 2 1 . . . . . . . . . . . . . . . . . . . . . . . . . . . . . . . . . Escape Stasis 23 | . . . . . 6 . . . . . . . . . . . 13 . . . . . . . . . . . . . . . . 4 . Rewire 110 | . . . . . 50 . 14 . . . . . 46 . . . . . . . . . . . . . . . . . . . . . . Trap . | . . . . . . . . . . . . . . . . . . . . . . . . . . . . . . . . . . . . Miscellaneous . | . . . . . . . . . . . . . . . . . . . . . . . . . . . . . . . . . . . . Route ------- -11/Scrapyard -10/Materials (discovered 4 exits: *Mat x3 / [*Min]) -9/Materials (discovered 4 exits: *Mat x2 / *Min x2) -9/Mines (discovered 2 exits: *Mat / *Zio) -8/Materials -8/Garrison (discovered 3 exits: *Mat x3) -8/Materials (discovered 2 exits: *Fac x2) -7/Factory (discovered 7 exits: Fac x4 / *Sto / *Low x2) -7/Lower Caves -7/Lower Caves (discovered 2 exits: *Fac / *Zio) -7/Zion -6/Proximity Caves -6/Factory (discovered 4 exits: *Fac x2 / *Low / *Ext) -6/Extension (discovered 2 exits: *Fac / *Cet) -6/Cetus -6/Archives (discovered 2 exits: *Fac / *Hub) -6/Hub_04(d) (discovered 2 exits: *Fac x2) -5/Factory (discovered 2 exits: *Upp x2) -5/Upper Caves -5/Upper Caves -5/Warlord -4/Proximity Caves -4/Factory (discovered 2 exits: Res / Upp) -4/Waste -4/Factory (discovered 2 exits: *Upp x2) -4/Upper Caves -4/Upper Caves -4/Zhirov -3/Proximity Caves -3/Research (discovered 6 exits: Res x3 / *Arm / Qua x2) -3/Armory (discovered 3 exits: Res x2 / *Lab) -3/Lab -2/Research (discovered 3 exits: *Acc x2 / *Tes) -2/Testing -2/Section 7 -1/Access To Epsilon Eridani History --------- Turn | Location | Event 5 | -11/Scrapyard | Discovered new exit (range 0) 5 | -11/Scrapyard | Entered Materials 238 | -10/Materials | Discovered new exit (range 13) 318 | -10/Materials | Build established: Mutant 665 | -10/Materials | Discovered new exit (range 10) 889 | -10/Materials | Discovered new exit (range 4) 1375 | -10/Materials | Discovered new exit (range 16) 1778 | -10/Materials | Entered another Materials area 1778 | -9/Materials | Evolved 2 slots: Propulsion x1, Utility x1 1842 | -9/Materials | Destroyed 7 combat bots 2289 | -9/Materials | Repaired Lgt. Treads 2313 | -9/Materials | Discovered new exit (range 8) 2593 | -9/Materials | Discovered new exit (range 14) 2708 | -9/Materials | Build established: Scavenger-Mutant 2978 | -9/Materials | First assault squad dispatched 3111 | -9/Materials | Discovered new exit (range 7) 3127 | -9/Materials | Discovered new exit (range 14) 3353 | -9/Materials | Identified exit to Mines 3523 | -9/Materials | Entered Mines 3670 | -9/Mines | Learned location of Storage (-7) 3730 | -9/Mines | Found a damaged Exp. Sensor Array with a note attached 3735 | -9/Mines | Found Prototype Device 4516 | -9/Mines | Discovered new exit (range 5) 4517 | -9/Mines | A Derelict revealed a hidden shortcut to a safe place 4533 | -9/Mines | Entered Materials 4533 | -8/Materials | Evolved 2 slots: Propulsion x1, Utility x1 4972 | -8/Materials | Identified exit to Garrison 4972 | -8/Materials | Entered Garrison 5529 | -8/Garrison | Triggered checkpoint 5592 | -8/Garrison | Triggered checkpoint 5656 | -8/Garrison | Discovered new exit (range 10) 5678 | -8/Garrison | Attempted to access garrison exit controls, blocked by remote lockdown 5922 | -8/Garrison | Discovered new exit (range 9) 5944 | -8/Garrison | Attempted to access garrison exit controls, blocked by remote lockdown 6054 | -8/Garrison | Triggered checkpoint 6143 | -8/Garrison | Discovered new exit (range 15) 6231 | -8/Garrison | Entered Materials 7214 | -8/Materials | Identified Exp. Sensor Array 7261 | -8/Materials | Discovered new exit (range 6) 7346 | -8/Materials | Repaired Imp. Light Armor Plating 8059 | -8/Materials | Discovered new exit (range 15) 8305 | -8/Materials | Identified exit to Factory 8306 | -8/Materials | Entered Factory 8306 | -7/Factory | Evolved 2 slots: Utility x2 8307 | -7/Factory | Identified exit to Storage 8541 | -7/Factory | Identified exit to Factory 8610 | -7/Factory | Identified exit to Lower Caves 9149 | -7/Factory | Entered Lower Caves 9155 | -7/Lower Caves | Met a Warlord Commander 9156 | -7/Lower Caves | Learned location of Warlord (-5) 9159 | -7/Lower Caves | Found Encrypted Comm Array 9303 | -7/Lower Caves | Learned Armory trap positions 9303 | -7/Lower Caves | Learned Extension stockpile data 9375 | -7/Lower Caves | Learned Factory terminal intel 9593 | -7/Lower Caves | Discovered new exit (range 8) 9599 | -7/Lower Caves | Identified exit to Lower Caves 9600 | -7/Lower Caves | Entered another Lower Caves area 9607 | -7/Lower Caves | Discovered exit to Factory (range 4) 10020 | -7/Lower Caves | Discovered new exit (range 7) 10139 | -7/Lower Caves | Identified exit to Zion 10139 | -7/Lower Caves | Entered Zion 10183 | -7/Zion | Found CR-A16's Pointy Stick 10188 | -7/Zion | Discovered new exit (range 12) 10381 | -7/Zion | Gained Derelict followers 10712 | -7/Zion | Identified exit to Proximity Caves 10811 | -7/Zion | Entered Proximity Caves 10811 | -6/Proximity Caves | Accompanied by 3 allies 10892 | -6/Proximity Caves | Learned Factory stockpile data 10896 | -6/Proximity Caves | Spotted B-75 Beast 11109 | -6/Proximity Caves | Received a Behemoth hack from an annoying Tinkerer 11452 | -6/Proximity Caves | Revealed the true nature of CR-A16's Pointy Stick 11455 | -6/Proximity Caves | Destroyed B-75 Beast 11701 | -6/Proximity Caves | Discovered exit to Factory (range 8) 11728 | -6/Proximity Caves | Entered Factory 11728 | -6/Factory | Evolved 2 slots: Propulsion x1, Utility x1 11729 | -6/Factory | Identified exit to Lower Caves 11731 | -6/Factory | Loaded intel: 28 terminal locations 11876 | -6/Factory | Discovered new exit (range 16) 12067 | -6/Factory | Build established: Hacker-Mutant 12101 | -6/Factory | Joined by Warlord Ranger squad 12328 | -6/Factory | Discovered new exit (range 15) 12542 | -6/Factory | Mak. Hacking Suite fried by hacking feedback 12580 | -6/Factory | Joined by Warlord Pyro squad 12616 | -6/Factory | Spotted B-75 Beast 12648 | -6/Factory | Repaired Imp. Propulsion Shielding 12719 | -6/Factory | Discovered new exit (range 4) 12915 | -6/Factory | Identified exit to Extension 13095 | -6/Factory | Garrison activated, responded to threat 13138 | -6/Factory | Entered Extension 13175 | -6/Extension | Rescued a captive Derelict 13347 | -6/Extension | Rescued a captive Derelict 13354 | -6/Extension | Central database locked down 13381 | -6/Extension | Rescued a captive Derelict 13626 | -6/Extension | Build established: Commander-Mutant 13709 | -6/Extension | Spotted B-75 Beast 13725 | -6/Extension | Spotted B-75 Beast 13728 | -6/Extension | Destroyed B-75 Beast 13735 | -6/Extension | Destroyed B-75 Beast 13885 | -6/Extension | Rescued A7 13951 | -6/Extension | Rescued a captive Derelict 13952 | -6/Extension | Rescued a captive Derelict 14021 | -6/Extension | Discovered new exit (range 10) 14021 | -6/Extension | Discovered new exit (range 6) 14042 | -6/Extension | Identified exit to Cetus 14048 | -6/Extension | Entered Cetus 14048 | -6/Cetus | Accompanied by 8 allies (A7) 14053 | -6/Cetus | Acquired a Cetus Manufacturing Module code from A7 14068 | -6/Cetus | Spotted Cetus Guard 14068 | -6/Cetus | Spotted Cetus Guard 14072 | -6/Cetus | Spotted Cetus Guard 14075 | -6/Cetus | Allies destroyed Cetus Guard 14077 | -6/Cetus | Allies destroyed Cetus Guard 14083 | -6/Cetus | Allies destroyed Cetus Guard 14083 | -6/Cetus | Spotted Cetus Guard 14092 | -6/Cetus | Allies destroyed Cetus Guard 14137 | -6/Cetus | Started Cetus Manufacturing Module 14142 | -6/Cetus | Escorted A7 to Cetus Mainframe 14162 | -6/Cetus | Manufactured an Enhanced Grunt 14187 | -6/Cetus | Manufactured an Enhanced Grunt 14188 | -6/Cetus | Discovered new exit (range 15) 14212 | -6/Cetus | Manufactured an Enhanced Grunt 14237 | -6/Cetus | Manufactured an Enhanced Grunt 14262 | -6/Cetus | Manufactured an Enhanced Grunt 14269 | -6/Cetus | Identified exit to Archives 14270 | -6/Cetus | Entered Archives 14270 | -6/Archives | Accompanied by 7 allies (A7) 14275 | -6/Archives | Received a hacking code to weaken MAIN.C 14344 | -6/Archives | Discovered new exit (range 16) 14373 | -6/Archives | Discovered new exit (range 13) 14443 | -6/Archives | Identified exit to Hub_04(d) 14451 | -6/Archives | Entered Hub_04(d) 14451 | -6/Hub_04(d) | Accompanied by 5 allies 14508 | -6/Hub_04(d) | Discovered new exit (range 8) 14514 | -6/Hub_04(d) | Identified exit to Factory 14599 | -6/Hub_04(d) | Build established: Scavenger-Mutant 14688 | -6/Hub_04(d) | Discovered exit to Factory (range 13) 14730 | -6/Hub_04(d) | Network Hub disabled 14740 | -6/Hub_04(d) | Spotted Lightning 14740 | -6/Hub_04(d) | Spotted Lightning 14740 | -6/Hub_04(d) | Spotted Lightning 14749 | -6/Hub_04(d) | Spotted Lightning 14749 | -6/Hub_04(d) | Spotted Lightning 14751 | -6/Hub_04(d) | Spotted Lightning 14781 | -6/Hub_04(d) | Network Hub disabled 14782 | -6/Hub_04(d) | Core integrity fell below 50% 14782 | -6/Hub_04(d) | System corruption reached 10% 14784 | -6/Hub_04(d) | Entered Factory 14784 | -5/Factory | Evolved 2 slots: Utility x2 14785 | -5/Factory | Identified exit to Upper Caves 15012 | -5/Factory | Build established: Hacker-Mutant 15053 | -5/Factory | Assembled infested ambush trap array 15534 | -5/Factory | Garrison activated, responded to threat 15549 | -5/Factory | Fabricated Exp. Utility Shielding (x1) 15650 | -5/Factory | Entered Upper Caves 15936 | -5/Upper Caves | Discovered new exit (range 9) 15940 | -5/Upper Caves | Identified exit to Upper Caves 15942 | -5/Upper Caves | Entered another Upper Caves area 15943 | -5/Upper Caves | Identified exit to Warlord 16074 | -5/Upper Caves | Encountered a Warlord checkpoint 16202 | -5/Upper Caves | Learned location of 2 exits from Factory 16287 | -5/Upper Caves | Entered Warlord 16487 | -5/Warlord | Learned Quarantine trap positions 16487 | -5/Warlord | Learned Research stockpile data 16488 | -5/Warlord | Learned 4 Research zone layouts 16488 | -5/Warlord | Learned 4 Research zone layouts 16565 | -5/Warlord | Warlord's base attacked by MAIN.C 16634 | -5/Warlord | Met Warlord 16655 | -5/Warlord | Found Prototype Processor 16655 | -5/Warlord | Identified Exp. Targeting Computer 16660 | -5/Warlord | Found Prototype Hackware 16667 | -5/Warlord | Found Prototype Device 16667 | -5/Warlord | Identified Exp. Focal Shield 16674 | -5/Warlord | Found Prototype Reactor 16915 | -5/Warlord | Warlord forces counterattacked 16944 | -5/Warlord | Build established: Scavenger-Mutant 16967 | -5/Warlord | Spotted Striker 17240 | -5/Warlord | Warlord base infiltrated, sounded retreat 17241 | -5/Warlord | Enhanced Grunt warped into view 17241 | -5/Warlord | Enhanced Grunt warped into view 17241 | -5/Warlord | Enhanced Grunt warped into view 17241 | -5/Warlord | Enhanced Demolisher warped into view 17241 | -5/Warlord | Enhanced Demolisher warped into view 17241 | -5/Warlord | Enhanced Demolisher warped into view 17305 | -5/Warlord | Spotted Striker 17316 | -5/Warlord | Spotted Striker 17351 | -5/Warlord | Discovered new exit (range 14) 17378 | -5/Warlord | Spotted Executioner 17378 | -5/Warlord | Spotted Executioner 17440 | -5/Warlord | Identified exit to Proximity Caves 17463 | -5/Warlord | Entered Proximity Caves 17702 | -4/Proximity Caves | Discovered new exit (range 10) 17706 | -4/Proximity Caves | Identified exit to Factory 17712 | -4/Proximity Caves | Learned location of 1 exit from Research 17723 | -4/Proximity Caves | Entered Factory 17723 | -4/Factory | Evolved 2 slots: Power x1, Utility x1 17723 | -4/Factory | Identified Ghost Barrier 17724 | -4/Factory | Identified exit to Research 17724 | -4/Factory | Identified exit to Upper Caves 17762 | -4/Factory | Sucked down chute 17762 | -4/Factory | Entered Waste 17763 | -4/Waste | Met a frightened Derelict 17767 | -4/Waste | Spotted C-40 Crusher 17775 | -4/Waste | Spotted C-40 Crusher 17777 | -4/Waste | EMP discharged 17777 | -4/Waste | Spotted C-40 Crusher 17785 | -4/Waste | Spotted C-40 Crusher 17786 | -4/Waste | Spotted C-40 Crusher 17801 | -4/Waste | Discovered new exit (range 12) 17801 | -4/Waste | Spotted C-40 Crusher 17805 | -4/Waste | Identified exit to Factory 17806 | -4/Waste | Entered Factory 18020 | -4/Factory | Identified Vortex Chain Reactor 18032 | -4/Factory | Build established: Hacker-Mutant 18328 | -4/Factory | Repaired Broken Cmb. Antigrav System 18337 | -4/Factory | Fabricated Cmb. Linear Gravjet (x2) 18376 | -4/Factory | Fabricated Cmb. Linear Gravjet? 18402 | -4/Factory | Fabricated Cmb. Linear Gravjet (x2) 18545 | -4/Factory | System corruption reached 10% 18571 | -4/Factory | Spotted B-86 Titan 18585 | -4/Factory | Entered Upper Caves 18657 | -4/Upper Caves | Learned Research stockpile data 18995 | -4/Upper Caves | Encountered a Warlord checkpoint 18998 | -4/Upper Caves | Spotted B-86 Titan 19010 | -4/Upper Caves | Destroyed B-86 Titan 19030 | -4/Upper Caves | Discovered new exit (range 15) 19057 | -4/Upper Caves | Identified exit to Upper Caves 19058 | -4/Upper Caves | Entered another Upper Caves area 19184 | -4/Upper Caves | Discovered new exit (range 12) 19189 | -4/Upper Caves | Identified exit to Zhirov 19192 | -4/Upper Caves | Entered Zhirov 19195 | -4/Zhirov | Discovered new exit (range 3) 19204 | -4/Zhirov | Met Zhirov 19212 | -4/Zhirov | Learned location of Quarantine (-3) 19212 | -4/Zhirov | Learned location of Testing (-2) 19212 | -4/Zhirov | Learned location of Command (-1) 19217 | -4/Zhirov | Zhirov requested help retrieving the SGEMP Prototype 19225 | -4/Zhirov | Found Alien Artifact 19225 | -4/Zhirov | Identified Integrated Dissipator 19225 | -4/Zhirov | Installed Integrated Dissipator, increased core heat dissipation (+20) 19301 | -4/Zhirov | Found Alien Artifact 19334 | -4/Zhirov | Identified exit to Proximity Caves 19334 | -4/Zhirov | Entered Proximity Caves 19485 | -3/Proximity Caves | Found Alien Artifact 19550 | -3/Proximity Caves | Discovered exit to Research (range 14) 19568 | -3/Proximity Caves | Entered Research 19568 | -3/Research | Evolved 2 slots: Propulsion x1, Utility x1 19569 | -3/Research | Identified exit to Armory 19570 | -3/Research | Identified exit to Quarantine 19797 | -3/Research | Fabricated Cmb. Linear Gravjet (x2) 19831 | -3/Research | Identified exit to Research 19898 | -3/Research | Entered Armory 19899 | -3/Armory | Loaded intel: 43 trap records 19918 | -3/Armory | Spotted B-86 Titan 19920 | -3/Armory | Destroyed B-86 Titan 20118 | -3/Armory | Identified Transdimensional Reconstructor 20118 | -3/Armory | Warped through subspace to slip node 20118 | -3/Armory | Discovered new exit (range 1) 20118 | -3/Armory | Identified exit to Lab 20155 | -3/Armory | Entered Lab 20155 | -3/Lab | Discovered exit to Research (range 9) 20160 | -3/Lab | Unable to decrypt terminal 20160 | -3/Lab | Unable to decrypt terminal 20160 | -3/Lab | Opened the door to a hidden lab 20161 | -3/Lab | Gained access to the hidden lab's interior 20162 | -3/Lab | Entered Research 20162 | -2/Research | Warlord forces began assault on 0b10 20162 | -2/Research | Evolved 2 slots: Power x1, Propulsion x1 20173 | -2/Research | Found Prototype Processor 20187 | -2/Research | Distinguished unit "Vikings" dispatched to help 20249 | -2/Research | Met up with Warlord 20272 | -2/Research | Research machine network offline 20319 | -2/Research | Identified Exp. Melee Analysis Suite 20385 | -2/Research | Discovered new exit (range 15) 20391 | -2/Research | Identified exit to Access 20462 | -2/Research | Spotted B-90 Cyclops 20479 | -2/Research | Destroyed B-90 Cyclops 20504 | -2/Research | Spotted Striker 20608 | -2/Research | Discovered exit to Access (range 2) 20681 | -2/Research | Spotted B-90 Cyclops 20683 | -2/Research | Destroyed B-90 Cyclops 20745 | -2/Research | Found Prototype Device 20745 | -2/Research | Identified Exp. Shield Generator 20767 | -2/Research | Spotted B-90 Cyclops 20804 | -2/Research | Destroyed B-90 Cyclops 20809 | -2/Research | Found Quantum Capacitor 20850 | -2/Research | Discovered new exit (range 5) 20858 | -2/Research | Identified exit to Testing 20858 | -2/Research | Entered Testing 20871 | -2/Testing | Build established: Generator-Ninja 20884 | -2/Testing | Found Prototype Device 20884 | -2/Testing | Identified AEGIS Remote Shield 21002 | -2/Testing | Repaired Centrium Medium Armor Plating 21130 | -2/Testing | Found Prototype Protection 21130 | -2/Testing | Identified Med. Regenerative Plating 21135 | -2/Testing | Found Prototype Protection 21136 | -2/Testing | Identified Lgt. Regenerative Plating 21138 | -2/Testing | Found Med. Regenerative Plating 21147 | -2/Testing | Found Prototype Protection 21228 | -2/Testing | Spotted Fortress 21263 | -2/Testing | Discovered new exit (range 5) 21264 | -2/Testing | Identified exit to Section 7 21265 | -2/Testing | Entered Section 7 21271 | -2/Section 7 | Spotted B-90 Cyclops 21272 | -2/Section 7 | Destroyed B-90 Cyclops 21293 | -2/Section 7 | Found Alien Artifact 21321 | -2/Section 7 | Found Alien Artifact 21321 | -2/Section 7 | Identified Microwarp Drive 21386 | -2/Section 7 | Discovered exit to Access (range 8) 21442 | -2/Section 7 | Spotted S7 Guard 21445 | -2/Section 7 | Found Alien Artifact 21445 | -2/Section 7 | Identified Core Physics Calibrator 21468 | -2/Section 7 | Identified SHELL Armor 21491 | -2/Section 7 | Build established: Generator-Mutant 21543 | -2/Section 7 | Spotted Alpha 7 21552 | -2/Section 7 | First assault squad dispatched 21585 | -2/Section 7 | Spotted Alpha 7 21591 | -2/Section 7 | Spotted B-99 Colossus 21598 | -2/Section 7 | Destroyed B-99 Colossus 21600 | -2/Section 7 | Scanned by Researcher 21642 | -2/Section 7 | Found Alien Artifact 21642 | -2/Section 7 | Identified LRC Matter Compressor 21642 | -2/Section 7 | Installed LRC Matter Compressor, increased matter storage capacity (+125) 21645 | -2/Section 7 | Found Alien Artifact 21645 | -2/Section 7 | Identified LRC Boosters 21645 | -2/Section 7 | Installed LRC Boosters, increased mass support (+10) 21682 | -2/Section 7 | Found Alien Artifact 21682 | -2/Section 7 | Identified Core Expander 21682 | -2/Section 7 | Installed Core Expander, added new Weapon slot 21725 | -2/Section 7 | Found Transdimensional Reconstructor 21738 | -2/Section 7 | Found Alien Artifact 21741 | -2/Section 7 | Found Alien Artifact 21743 | -2/Section 7 | Found Alien Artifact 21744 | -2/Section 7 | Identified Integrated Reactor 21744 | -2/Section 7 | Installed Integrated Reactor, increased core energy generation (+10) 21745 | -2/Section 7 | Identified Terrabomb (x3) 21745 | -2/Section 7 | Used Terrabomb 21748 | -2/Section 7 | Used Terrabomb 21758 | -2/Section 7 | Intercept squad dispatched 21771 | -2/Section 7 | Spotted Tracker 21772 | -2/Section 7 | Spotted Tracker 21774 | -2/Section 7 | Spotted Combat Programmer 21778 | -2/Section 7 | Spotted Combat Programmer 21779 | -2/Section 7 | Entered Access 21779 | -1/Access | Evolved 2 slots: Propulsion x1, Utility x1 21991 | -1/Access | Used Terrabomb 21995 | -1/Access | Warped through subspace 22028 | -1/Access | Spotted B-99 Colossus 22029 | -1/Access | Spotted B-99 Colossus 22032 | -1/Access | Destroyed B-99 Colossus 22038 | -1/Access | Destroyed B-99 Colossus 22062 | -1/Access | Lost 7 parts (1p3n2u1w) 22064 | -1/Access | Discovered new exit (range 4) 22066 | -1/Access | Identified exit to Surface 22068 | *** | Escaped! Last Messages --------------- 22029_ Penetrated by Slug. 22029_ Slug penetrates Door. 22031_ Adv. Cooling System destroyed. 22031_ Critical hit (Blast). 22031_ Slug penetrates Wall. 22031_ Penetrated by Slug. 22031_ Cmb. Linear Gravjet destroyed. 22031_ Slug penetrates Wall. 22031_ Slug penetrates B-99 Colossus. 22032_ B-99 Colossus suddenly blasts apart at the seams. 22032_ B-99 Colossus destroyed. 22035_ Penetrated by Slug. 22038_ B-99 Colossus suddenly blasts apart at the seams. 22038_ B-99 Colossus destroyed. 22043_ ,R72GBMZFUXHGYH=,VWOSC3JFQ 22052_ Sealed Heavy Doors breached. 22063_ Main Access Shell breached. 22064_ EXIT=FOUND 22066_ EXIT=IDENTIFIED: SURFACE [Achievement: Winner's Signature] Map ----- +----------------------------------------------------+ | ????????????????????????????????? % | | ??????????????????????????????? ! | | ??????????????????????????????? | | ?????????????????????????????? # | | ?????????????????????????????? # | | ????????????????????????????? " | | ?????????????????????????????# # | | ?????????????????????????????# " | | ?????????????????????????????# " | | ?????????????????????????????# %"" | | ?????????????????????????????#"""%"""""""""""""] | | ??????????????????????????? % %= | | ??????????????????????????? | | ?????????????????????????????"""""""+"""""""""" | | ???????????????????????????????# " " """" | | ???????????????????????????????# " " | | ???????????????????????????????##" " " | | ????????????????????????????????#" """ " | | ????????????????????????????????## """ " | | ?????????????????????????????????# " " | | ?????????????????????????????????# " | | ?????????????????????????????????? """ | | ?????????????????????????????????? " | | ???????????????????????""""""??????#+####"" = | | ???????????????????????" "??????# #??## # | | ????????????????????#??" @" "??????# #???# | | ????????????????????# ?" "" "??????# #???# | | ????????????????????# " "??????# #???# | | ????????????????????# " """" #???# ##### | | ????????????????????# #???# | | ????????????????????#""" """"""#???# ####+% | | ???????????????????????" "????????## # | | ???????????????????????" "????????# + ### | | ????????????????????#""" """"""#??# # """#?? | | ????????????????????#!!=! !!= #??# + """#?? | | ????????????????????#]%** !%] #??# # ! R"#?? | | ????????????????????#]==! !*! #??# # """#?? | | ????????????????????#!!! #??# #== "" #?? | | ????????????????????# #??# #== #?? | | ????????????????????# % #??# # #?? | | ????????????????????# #??# ##########?? | | ????????????????????#### """#### ##?????????? | | ???????????????????????# #?????????? | | ???????????????????????# #?????????? | | ???????????????????????# +?????????? | | ???????????????????????# #?????????? | | ???????????????????????# #?????????? | | ?????????????????? "########?????????? | | ????????????????? ######"+####+"#????????????????? | | ??????????????????????? ?????? ????????????????? | +----------------------------------------------------+ Best States ------------- Heat Dissipation 103 Coolant Potential 100 Energy Generation 75 Energy Capacity 1450 Matter Stores 341 Matter Capacity 600 Sight Range 20 Robot Scan Range 16 Terrain Scan Range 14 Terrain Scan Density 210 Jamming Range 16 Armor Coverage 1125 Resistance: KI 30 Propulsion Shielding 66 Utility Shielding 90 Phase Shifting 10 Evasion (%) 69 Melee Accuracy 6 Recoil Reduction 4 Offensive Hacking 32 Defensive Hacking 20 Authchip Count 2 Item Schematics ----------------- Cmb. Airjet | -8/Materials | Scanalyzed Adv. Phase Shifter | -8/Materials | Scanalyzed Med. Armor Plating | -8/Materials | Scanalyzed System Shield | -8/Materials | Scanalyzed Machine Analyzer | -8/Materials | Scanalyzed Powered Armor | -7/Factory | Hacked Hacking Suite | -7/Factory | Hacked EM Disruption Field | -7/Zion | Archive Imp. Melee Analysis Suite | -7/Zion | Archive Adv. Terrain Scan Processor | -7/Zion | Archive Force Field | -7/Zion | Archive Mak. Trap Scanner | -7/Zion | Archive Adv. Assault Cannon | -7/Zion | Archive Coil Gun | -7/Zion | Archive Mak. Axe | -7/Zion | Archive Fusion Compressor | -7/Zion | Archive Hvy. Laser | -7/Zion | Archive Hvy. Ion Cannon | -7/Zion | Archive Hpw. Shock Rifle | -7/Zion | Archive Mak. System Shield | -7/Zion | Archive Antigrav System | -7/Zion | Archive Imp. Linear Gravjet | -6/Extension | Hacked Adv. Sensor Array | -6/Extension | Hacked Exp. Utility Shielding | -5/Factory | Hacked Field Propulsion Array | -5/Factory | Hacked Imp. Medium Armor Plating | -5/Factory | Scanalyzed Cmb. Linear Gravjet | -4/Factory | Scanalyzed Cmb. Antigrav System | -4/Factory | Scanalyzed Adv. Hacking Suite | -4/Factory | Hacked Adv. Force Field | -4/Factory | Hacked Lrg. Storage Unit | -4/Factory | Hacked Assault Drone Bay | -4/Zhirov | Free Exp. Heat Sink | -4/Zhirov | Free Exp. Optical Array | -4/Zhirov | Free Imp. Arc Thrower | -4/Zhirov | Free Centrium Leg | -3/Research | Hacked Prc. Energy Filter | -2/Testing | Archive Imp. Lightning Gun | -2/Testing | Archive Adv. Variable Charge Gun | -2/Testing | Archive Robot Schematics ------------------ B-36 Bruiser | -7/Zion | Archive A-02 Transporter | -7/Zion | Archive I-25 Savior | -7/Zion | Archive H-77 Assassin | -7/Zion | Archive S-43 Plague | -2/Testing | Archive Fabricated ------------ Exp. Utility Shielding | x1 | -5/Factory | Authchip Cmb. Linear Gravjet | x2 | -4/Factory | Authchip Cmb. Linear Gravjet | x2 | -4/Factory Cmb. Linear Gravjet | x2 | -4/Factory | Authchip Cmb. Linear Gravjet | x2 | -3/Research | Authchip Alien Tech Used ----------------- Integrated Dissipator Transdimensional Reconstructor Microwarp Drive Core Physics Calibrator LRC Matter Compressor LRC Boosters Core Expander Integrated Reactor Terrabomb Achievements -------------- Winner's Signature Challenges ------------ None Game ------ Seed UltimateMyomerHammer Manual? 0 Play Time 04:30:59 Cumulative 647.8 hours Start 2022.08.06 @ 11:51:00 End 2022.08.07 @ 04:02:53 Sessions 3 Manual Loads 0 Difficulty Rogue Special Mode None Game No. 608 Rogue 608 Adventurer 0 Explorer 0 Win Type 0 Total 24 Types 11/4/5/1/1/0/1/1/0 Lore% 91 Gallery% 95 Achievement% 78 Wizard Run 0 Options --------- ASCII 0 Keyboard 0 Movement Mouse Keybinds 1 Fullscreen 2 Font 24/Smallcaps Map View 76x50 Tactical HUD 1 Map Filters NONE Filters NONE Steam 1 RUN: 766dcdb8-625a-48f9-8e77-f036d4a97242